Cogmind - Beta 16.1 @@@ ROGUE MODE // 2026.03.05 @ 02:59:29 Player: Savant Result: Establishing 0b11! Performance ------------- Evolutions (9) 4500 Regions Visited (33) 6600 Robots Destroyed (434) 2170 Value Destroyed (26248) 26248 Prototype IDs (370) 7400 Alien Tech Used (7) 1400 Bonus (71837) 71837 TOTAL SCORE: 120155 Bonus ------- Triggered High Security 500 High Alert Combat Kills 17207 Follower Combat Kills 1188 Hunted by Unchained 500 Registered with UFD 300 Met Optimus in HQ 500 Met Imprinter 300 Met Zhirov 300 Met Warlord at Base 500 MAIN.C Attacked Warlord 500 Destroyed Superfortress 15000 Met Optimus at Protoforge 1000 Executed Drillbomb Mission 10000 Destroyed MAIN.C Guards 500 Met MAIN.C 5000 Destroyed MAIN.C Shell 5000 Destroyed MAIN.C 10000 Met Architect 300 Destroyed A8 300 Destroyed A6 400 Win 3000 Friendly Fire -458 Cogmind --------- Core Integrity 64/1600 Matter 261/300 Energy 749/900 System Corruption 2% Temperature Cool (14) Movement Hovering (42) Location 0b11 Command Parts ------- > --- POWER (3) -------- (None) > --- PROPULSION (8) --- Cooled Antigrav System Combat Antigrav System Combat Linear Gravjet Concept Combat Aerolev Unit Concept Combat Aerolev Unit Concept Gyrokinetic System > --- UTILITY (12) ----- Concept Antigrav Storage Unit Concept Chromion Battery Spectral Analyzer Advanced Melee Analysis Suite Concept Melee Reflex Suite Experimental Core Analyzer Femtoactuators Concept Cloak Mesh Centrium Light Armor Plating Graphene Brace > --- WEAPON (2) ------- Concept Blasthammer Concept Deflector Sword > --- INVENTORY (25) --- 2N-1CE's Frost Array Experimental Energy Well (600) Quantum Capacitor Femtoactuators Experimental EM Shield Improved Potential Cannon Concept Arcsight Missile Launcher Peak State ------------ > --- POWER ------------ Improved Quantum Reactor Hybrid Graviton Reactor Concept Zero-point Core > --- PROPULSION ------- Experimental Antigrav System Gravjet Array Gravjet Array Concept Combat Aerolev Unit Concept Combat Aerolev Unit Concept Gyrokinetic System > --- UTILITY ---------- Concept Antigrav Storage Unit Spectral Analyzer Experimental Active Sensor Suite Concept Weapon Articulator Concept Core Analysis Suite Experimental Reaction Control System Concept Cloak Mesh Concept Cloak Mesh Concept RG22 Armor Graphene Brace System Mapper > --- WEAPON ----------- Concept Blasthammer Concept Deflector Sword > --- INVENTORY -------- Concept Zero-point Core Concept Combat Aerolev Unit Concept Combat Aerolev Unit Concept Combat Aerolev Unit Concept Gyrokinetic System 2N-1CE's Frost Array Concept Thermoelectric Network Concept Chromion Battery Deep Structural Scanner Concept Networked Targeting System Concept Melee Reflex Suite Femtoactuators ECM Suite Improved Remote Force Field Crosscalibrator Concept Impact Drone Bay Concept Impact Drone Bay Transdimensional Reconstructor Vortex Cannon Concept Plasma Driver Improved Potential Cannon Concept Arcsight Missile Launcher Concept Blasthammer [Rating: 297] Favorites ----------- Power Micro Antimatter Reactor Engine Cooled Ion Engine Power Core Micro Fission Core Reactor Micro Antimatter Reactor Propulsion Improved VTOL Module Treads Light Treads Leg Aluminum Leg Wheel Compact Wheel Hover Unit Concept Combat Aerolev Unit Flight Unit Improved VTOL Module Utility Spectral Analyzer Device Deep Structural Scanner Storage Medium Storage Unit Processor Spectral Analyzer Hackware Improved System Shield Protection Centrium Light Armor Plating Weapon Beamcaster Energy Gun Beamcaster Energy Cannon Concept Plasma Driver Ballistic Gun Light Assault Rifle Ballistic Cannon Concept Helical Railcannon Launcher Tiamat Missile Launcher Special Weapon Plasma Cutter Impact Weapon Shock Maul Slashing Weapon Power Sword Piercing Weapon Heavy Pick Special Melee Weapon Datajack Build | -11 -10 -10 -9 -9 -9 -9 -6 -6 -6 -6 -6 -6 -5 -5 -5 -5 -5 -5 -5 -4 -4 -4 -4 -4 -3 -3 -3 -2 -2 -2 -1 -1 -1 ------- Run | Yrd Mat Min Mat Sto Rec Scr Fac Was Fac Low Low Zio Pro Fac Was Fac Upp Upp War Pro Fac Upp Upp Zhi Pro Res Tes Res Qua Frg Acc Com Ac0 Slots Evolved 18 | . . . 2 . . . 6 . . . . . . 2 . . . . . . 2 . . . . 2 . 2 . . 2 . . Power 2 | . . . . . . . . . . . . . . . . . . . . . 1 . . . . . . . . . 1 . . Propulsion 6 | . . . 1 . . . 2 . . . . . . 1 . . . . . . 1 . . . . . . 1 . . . . . Utility 10 | . . . 1 . . . 4 . . . . . . 1 . . . . . . . . . . . 2 . 1 . . 1 . . Weapon . | . . . . . . . . . . . . . . . . . . . . . . . . . . . . . . . . . . Parts Attached 307 | 7 10 7 20 11 3 6 31 . 5 1 . 5 1 5 . 3 . . 5 . 5 1 . 5 3 9 10 5 6 86 8 39 10 Power 41 | 1 1 2 . 1 . 1 3 . . . . . . 1 . 1 . . . . 2 . . 1 . 2 1 1 . 13 1 7 2 Engine 7 | 1 1 2 . 1 . 1 1 . . . . . . . . . . . . . . . . . . . . . . . . . . Core 8 | . . . . . . . 2 . . . . . . 1 . 1 . . . . 1 . . . . . . . . 2 . 1 . Reactor 26 | . . . . . . . . . . . . . . . . . . . . . 1 . . 1 . 2 1 1 . 11 1 6 2 Propulsion 89 | 2 3 1 8 5 1 2 8 . 1 . . . . 1 . . . . 1 . . . . 1 3 2 4 1 3 27 . 13 2 Treads 17 | 2 1 1 5 4 . 1 3 . . . . . . . . . . . . . . . . . . . . . . . . . . Leg 2 | . 1 . 1 . . . . . . . . . . . . . . . . . . . . . . . . . . . . . . Wheel 6 | . 1 . 2 1 1 1 . . . . . . . . . . . . . . . . . . . . . . . . . . . Hover 31 | . . . . . . . . . . . . . . . . . . . 1 . . . . . . . . . . 15 . 13 2 Flight 33 | . . . . . . . 5 . 1 . . . . 1 . . . . . . . . . 1 3 2 4 1 3 12 . . . Utility 125 | 2 3 1 7 1 2 . 16 . 2 1 . 5 1 2 . 2 . . 1 . 3 . . 3 . 3 3 2 2 32 7 18 6 Device 61 | 1 2 1 2 . 1 . 7 . 1 . . . 1 . . 2 . . . . . . . . . . 2 1 1 18 5 13 3 Storage 14 | 1 1 . 2 . . . 1 . . . . . . 1 . . . . 1 . 1 . . 1 . 1 . 1 . 1 . 2 . Processor 15 | . . . 1 . . . 1 . . . . 5 . . . . . . . . . . . 1 . 1 . . . 3 . 2 1 Hackware 12 | . . . . . . . 3 . . 1 . . . 1 . . . . . . 2 . . . . 1 1 . 1 . 2 . . Protection 23 | . . . 2 1 1 . 4 . 1 . . . . . . . . . . . . . . 1 . . . . . 10 . 1 2 Artifact . | . . . . . . . . . . . . . . . . . . . . . . . . . . . . . . . . . . Weapon 52 | 2 3 3 5 4 . 3 4 . 2 . . . . 1 . . . . 3 . . 1 . . . 2 2 1 1 14 . 1 . Energy Gun 12 | 1 1 2 3 1 . . 1 . . . . . . . . . . . 2 . . . . . . . . . . 1 . . . Energy Cannon 12 | . . . 1 . . 1 1 . 1 . . . . . . . . . 1 . . . . . . 1 . 1 . 5 . . . Ballistic Gun 4 | 1 2 . . . . . . . . . . . . . . . . . . . . . . . . . . . . 1 . . . Ballistic Cannon 4 | . . . 1 . . . . . . . . . . . . . . . . . . . . . . . . . . 3 . . . Launcher 6 | . . 1 . 2 . . . . . . . . . . . . . . . . . . . . . . 1 . . 2 . . . Special Weapon 3 | . . . . 1 . . 1 . . . . . . . . . . . . . . 1 . . . . . . . . . . . Impact Weapon 3 | . . . . . . . . . . . . . . 1 . . . . . . . . . . . . . . . 1 . 1 . Slashing Weapon 4 | . . . . . . 1 . . . . . . . . . . . . . . . . . . . . 1 . 1 1 . . . Piercing Weapon 2 | . . . . . . . 1 . 1 . . . . . . . . . . . . . . . . . . . . . . . . Special Melee Weapon 2 | . . . . . . 1 . . . . . . . . . . . . . . . . . . . 1 . . . . . . . Unidentified Prototypes 24 | . . . . 2 1 . 1 . . . . 5 1 1 . . . . 4 . 1 . . 4 . . . . 1 1 . 1 1 Corrupted Parts 9 | . . . . . . . . . . . . . . . . . . . . . . . . . . . . . . 2 . 6 1 System Corruption 38 | . . . . . . . . . . . . . . . . . . . . . . . . . . . . . . 6 . 31 1 Parts Lost 77 | . 5 2 2 . . . 3 . . . . . . . . . . . . . . . . . 1 1 2 . . 20 . 17 24 Power 13 | . 1 . . . . . . . . . . . . . . . . . . . . . . . . . . . . 3 . 4 5 Propulsion 23 | . 1 1 2 . . . 1 . . . . . . . . . . . . . . . . . . . 2 . . 5 . 5 6 Utility 31 | . 1 . . . . . 2 . . . . . . . . . . . . . . . . . . . . . . 10 . 6 12 Weapon 10 | . 2 1 . . . . . . . . . . . . . . . . . . . . . . 1 1 . . . 2 . 2 1 Highest Loss Streak 11 | . 2 2 1 . . . 1 . . . . . . . . . . . . . . . . . 1 1 1 . . 3 . 11 10 To Critical Strikes 1 | . . . . . . . 1 . . . . . . . . . . . . . . . . . . . . . . . . . . Average Backups 16 | 3 7 8 16 21 25 24 19 9 8 9 9 9 9 9 10 9 9 10 10 10 9 10 10 10 10 9 9 9 13 19 22 19 16 Power . | . . . . . 2 1 . . . . . . . . 1 1 1 1 1 1 . . . . . . . . . 1 1 1 1 Propulsion 3 | 2 3 3 3 6 7 7 5 2 1 2 2 1 1 1 2 2 2 2 1 1 . 1 1 . . 1 . . . 3 3 1 2 Utility 6 | . 1 3 6 6 7 6 7 4 4 4 4 5 5 4 5 4 4 4 4 5 5 5 5 6 6 5 5 4 4 8 11 11 9 Weapon 4 | . 1 1 5 7 7 6 4 3 2 3 3 3 2 2 2 2 2 2 2 2 2 2 2 2 1 1 1 2 3 5 5 4 2 Tool/Special . | . . . . . . . . . . . . . . . . . . . . . . . . . . . . . . . . . . Unused Backups 46 | . . 1 4 4 1 5 3 1 1 . . 1 . 2 . . . . 1 . 3 1 . . . 1 1 . 3 5 2 5 1 Power 1 | . . . . . . . . . . . . . . 1 . . . . . . . . . . . . . . . . . . . Propulsion 5 | . . . . . . 1 1 1 . . . 1 . . . . . . . . . . . . . . . . . . . 1 . Utility 23 | . . 1 1 4 . 1 1 . 1 . . . . 1 . . . . . . 2 . . . . 1 1 . 1 3 2 2 1 Weapon 14 | . . . 3 . 1 3 1 . . . . . . . . . . . 1 . 1 1 . . . . . . . 1 . 2 . Tool/Special 3 | . . . . . . . . . . . . . . . . . . . . . . . . . . . . . 2 1 . . . Average Slot Usage (%) 93 | . 92 98 99 100 100 92 89 93 93 93 93 92 92 90 94 94 94 94 93 94 92 94 94 88 93 89 89 93 97 91 88 87 93 Engine 3 | . 7 12 10 11 11 10 4 . . . . . . . . . . . . . . . . . . . . . . . . . . Core 2 | . . . . . . . 1 6 6 6 6 6 6 5 5 5 5 5 5 5 9 10 10 10 10 3 . . . . 4 1 . Reactor 2 | . . . . . . . . . . . . . . . . . . . . . . . . . . 5 9 8 8 7 7 8 10 Treads 6 | . 27 28 18 22 17 6 8 . . . . . . . . . . . . . . . . . . . . . . . . . . Wheel 4 | . . . 13 10 15 21 9 . . . . . . . . . . . . . . . . . . . . . . . . . . Hover 6 | . . . . . . . . . . . . . . . . . . . . . . . . . . . . . . 15 24 25 29 Flight 12 | . . . . . . . 8 33 33 33 33 33 33 29 29 29 29 29 29 29 30 31 31 31 31 24 23 28 32 11 . . . Device 14 | . 13 14 12 11 11 11 13 6 10 12 12 12 11 10 11 13 9 7 10 11 7 7 10 5 8 8 8 13 12 18 24 22 20 Storage 6 | . 14 14 11 11 11 11 6 6 6 6 6 6 6 5 5 5 5 5 5 5 5 5 5 5 5 4 4 4 4 4 4 5 4 Processor 6 | . . . 1 . . . 1 6 6 6 6 6 6 5 5 5 5 5 5 5 5 5 5 7 10 13 14 13 13 12 8 10 16 Hackware 7 | . . . . . . . 13 20 20 20 20 20 15 16 17 17 17 17 13 11 14 15 15 15 15 14 14 13 15 5 4 3 . Protection 5 | . . . 7 11 11 11 7 6 2 . . . 5 5 5 2 6 8 8 11 6 7 5 7 1 4 4 4 2 5 4 3 5 Energy Gun 6 | . 5 19 20 21 22 15 3 . . . . . . . . . . . 3 5 5 5 5 . 2 . . . . . . . . Energy Cannon 1 | . . . . . . . 2 . . . . . . 2 5 5 4 5 1 . . . . . 2 . 3 . 3 3 2 1 . Ballistic Gun 1 | . 22 8 . . . . . . . . . . . . . . . . . . . . . . . . . . . . . . . Impact Weapon 1 | . . . . . . . . . . . . . . 1 5 5 5 5 5 5 5 5 5 5 5 4 . . . . 1 1 3 Slashing Weapon 1 | . . . . . . . 4 6 6 6 6 6 6 3 . . . . . . . . . . . . 3 4 4 1 4 3 3 Peak Build Rating 297 | 7 9 16 25 29 36 45 70 66 72 69 69 71 72 87 87 91 92 92 100 99 117 116 111 122 123 148 164 182 207 275 297 297 266 Average Rating 124 | 5 7 10 22 27 28 37 61 65 62 63 63 66 67 82 87 87 86 90 95 98 110 113 110 108 119 134 150 177 190 245 292 257 249 On Entrance 98 | . 7 7 14 25 28 36 40 65 66 64 65 63 69 67 87 87 91 92 88 99 99 116 116 111 122 120 141 163 182 202 274 292 266 Avg Prop Armor Cover (%) 11 | . 12 . 13 16 13 8 10 . . . . . . 2 . . . . . . . . . . . . 3 . . 2 . 2 . Naked Turns . | . . . . . . . . . . . . . . . . . . . . . . . . . . . . . . . . . . Heaviest Build 127 | 14 20 27 103 105 105 103 126 24 25 25 25 25 33 33 33 35 35 35 35 35 40 39 37 37 40 42 49 55 57 116 105 127 121 Greatest Support 128 | 40 40 40 60 63 28 44 44 25 25 25 25 25 25 33 33 35 35 35 36 36 41 41 41 42 42 55 67 63 66 128 126 126 124 Greatest Overweight (x) 6 | . 1 . 6 6 6 3 2 . . . . . 1 . . . . . 1 . . . . . . 1 . . . 1 . 1 1 Average Overweight (x) . | . . . 3 5 4 2 . . . . . . . . . . . . . . . . . . . . . . . . . . . Largest Inventory Capacity 25 | 8 10 10 25 25 25 25 25 10 10 10 10 10 10 10 10 10 10 10 10 10 10 10 10 10 10 10 10 15 15 25 25 25 25 Average Capacity 17 | 7 9 10 18 22 25 25 21 10 10 10 10 10 10 10 10 10 10 10 10 10 10 10 10 10 10 10 10 12 15 21 25 25 25 Most Carried 25 | 6 10 10 20 25 25 25 25 10 10 10 10 10 10 10 10 10 10 10 10 10 10 10 10 10 10 10 10 12 15 25 25 25 25 Average Carried 17 | 4 7 9 16 21 24 24 20 10 9 10 9 9 9 9 10 9 9 10 9 9 9 10 9 9 9 9 9 10 14 20 24 20 18 Final Capacity 25 | 8 10 10 20 25 25 25 10 10 10 10 10 10 10 10 10 10 10 10 10 10 10 10 10 10 10 10 10 15 15 25 25 25 25 Final Carried 25 | 6 10 10 20 25 25 24 10 10 10 10 9 10 10 10 10 9 10 10 10 10 10 10 10 10 10 10 10 12 15 25 25 25 9 Class Distribution -------------------- 23% | Hacker-Scout 18% | Mutant 15% | Hacker-Sprinter 13% | Commander-Mutant 7% | Scavenger-Sprinter 5% | Hacker-Mutant 3% | Hacker-Ninja 3% | Scavenger-Mutant 3% | Scavenger-Gladiator Dominant Class ---------------- Mutant | -10/Materials Mutant | -10/Mines Mutant | -9/Materials Mutant | -9/Storage Commander-Mutant | -9/Recycling Commander-Mutant | -9/Scraptown Hacker-Mutant | -6/Factory Hacker-Sprinter | -6/Waste Hacker-Scout | -6/Factory Hacker-Scout | -6/Lower Caves Hacker-Scout | -6/Lower Caves Hacker-Scout | -6/Zion Hacker-Scout | -5/Proximity Caves Hacker-Scout | -5/Factory Hacker-Scout | -5/Waste Hacker-Scout | -5/Factory Hacker-Scout | -5/Upper Caves Hacker-Sprinter | -5/Upper Caves Commander-Scout | -5/Warlord Hacker-Scout | -4/Proximity Caves Hacker-Scout | -4/Factory Hacker-Scout | -4/Upper Caves Hacker-Scout | -4/Upper Caves Hacker-Sprinter | -4/Zhirov Hacker-Scout | -3/Proximity Caves Hacker-Scout | -3/Research Hacker-Scout | -3/Testing Hacker-Scout | -2/Research Wizard-Scout | -2/Quarantine Hacker-Sprinter | -2/Protoforge Scavenger-Ninja | -1/Access Scavenger-Gladiator | -1/Command Scavenger-Gladiator | -1/Access_0 Resources | -11 -10 -10 -9 -9 -9 -9 -6 -6 -6 -6 -6 -6 -5 -5 -5 -5 -5 -5 -5 -4 -4 -4 -4 -4 -3 -3 -3 -2 -2 -2 -1 -1 -1 ----------- Run | Yrd Mat Min Mat Sto Rec Scr Fac Was Fac Low Low Zio Pro Fac Was Fac Upp Upp War Pro Fac Upp Upp Zhi Pro Res Tes Res Qua Frg Acc Com Ac0 Matter Collected 14482 | 212 431 153 484 293 30 . 845 30 60 120 40 70 160 100 . 114 200 20 . 90 140 30 20 . 195 150 107 139 167 8373 58 1433 218 Remotely . | . . . . . . . . . . . . . . . . . . . . . . . . . . . . . . . . . . Salvage Created 20352 | 17 679 135 1118 707 . . 1404 . 181 . 96 . 319 188 . 147 73 . . . 484 . . . 36 342 436 206 130 12472 . 776 406 Parts 924 | 3 33 6 73 42 . . 75 . 9 . 6 . 6 5 . 1 8 . . . 10 . . . 1 8 15 11 1 546 . 50 15 Haulers Intercepted 18 | . 1 . 3 4 . . 1 . 1 . . . 1 . . 1 . . . . 2 . . . . . 2 1 . 1 . . . Recyclers Shooed 2 | . . . 2 . . . . . . . . . . . . . . . . . . . . . . . . . . . . . . Parts Field Recycled . | . . . . . . . . . . . . . . . . . . . . . . . . . . . . . . . . . . Retrieved Matter . | . . . . . . . . . . . . . . . . . . . . . . . . . . . . . . . . . . Parts Self-Destructed 83 | . . . . . . . . . . 18 15 . 13 . . . 4 . . 26 . 4 . . 3 . . . . . . . . Prevented 8 | . . . . . . . . . . . . . 3 . . . 1 . . . . . 3 . 1 . . . . . . . . Parts Restored 15 | . . . . . . . . . . . . . . . . . . . . . . . . . . . . . . 14 . 1 . Faulty 15 | . . . . . . . . . . . . . . . . . . . . . . . . . . . . . . 14 . 1 . Kills | -11 -10 -10 -9 -9 -9 -9 -6 -6 -6 -6 -6 -6 -5 -5 -5 -5 -5 -5 -5 -4 -4 -4 -4 -4 -3 -3 -3 -2 -2 -2 -1 -1 -1 ------- Run | Yrd Mat Min Mat Sto Rec Scr Fac Was Fac Low Low Zio Pro Fac Was Fac Upp Upp War Pro Fac Upp Upp Zhi Pro Res Tes Res Qua Frg Acc Com Ac0 Combat Hostiles Destroyed 343 | . 11 5 19 11 . . 15 . . . . . 4 . . . 6 . . . 3 . . . 1 1 3 5 . 241 . 12 6 Melee 38 | . . . . . . . 7 . . . . . 1 . . . . . . . 2 . . . . 1 2 . . 23 . 2 . Guns 68 | . 10 3 17 8 . . 4 . . . . . . . . . . . . . . . . . . . . . . 26 . . . Cannons 62 | . . . . . . . 3 . . . . . . . . . . . . . . . . . . . 1 . . 54 . 4 . AOE 139 | . 1 2 2 3 . . . . . . . . 3 . . . 6 . . . . . . . . . . 5 . 114 . 3 . Classes Destroyed 29 | 1 7 . 3 1 . . 2 . . . 1 . 1 . . . . . . . . . . . . . . . . 13 . . . Worker 4 | . 1 . 1 . . . 1 . . . . . . . . . . . . . . . . . . . . 1 . . . . . Builder 9 | . . . 1 . . . 3 . . . . . . . . . . . . . 2 . . . . . . 1 . 2 . . . Tunneler 4 | 1 1 . . . . . 2 . . . . . . . . . . . . . . . . . . . . . . . . . . Hauler 19 | . 1 . 3 4 . . 1 . 1 . . . 1 . . 1 . . . . 2 . . . . . 2 1 . 2 . . . Recycler 10 | . 1 . 1 1 . . 3 . . . . . . 1 . . . . . . . . . . . 2 . . . . . 1 . Carrier 2 | . . . . . . . . . . . . . . . . . . . . . . . . . . . . . . 2 . . . Minesweeper 2 | . . . . . . . . . . . 2 . . . . . . . . . . . . . . . . . . . . . . Mechanic 8 | . 1 . . . . . . . . . . . . . . . . . . . . . . . . . . . . 7 . . . Operator 1 | . . . . 1 . . . . . . . . . . . . . . . . . . . . . . . . . . . . . Drone 18 | . . . . . . . . . . . . . . . . . . . . . . . . . . . . . . 17 . 1 . Watcher 30 | . 2 . 5 . . . 4 . 3 . . . . 1 . 2 . . . . 1 . . . . 1 1 . 3 5 . 2 . Swarmer 58 | . 3 3 5 3 . . 3 . . . . . . . . . 6 . . . . . . . 1 1 . 5 . 28 . . . Saboteur 6 | . . . . . . . . . . . . . . . . . . . . . . . . . . . . . . 6 . . . Grunt 64 | . 8 2 6 4 . . 1 . . . . . 4 . . . . . . . 3 . . . . . . . . 36 . . . Brawler 5 | . . . . . . . . . . . . . . . . . . . . . . . . . . . . . . 5 . . . Duelist 11 | . . . 1 . . . . . . . . . . . . . . . . . . . . . . . . . . 9 . 1 . Protector 11 | . . . . . . . . . . . . . . . . . . . . . . . . . . . . . . 11 . . . Researcher 3 | . . . . . . . . . . . . . . . . . . . . . . . . . . . . . . 3 . . . Sentry 28 | . . . 7 4 . . 3 . . . . . . . . . . . . . . . . . . . . . . 14 . . . Specialist 6 | . . . . . . . . . . . . . . . . . . . . . . . . . . . . . . 6 . . . Hunter 17 | . . . . . . . 2 . . . . . . . . . . . . . . . . . . . 1 . . 14 . . . Programmer 39 | . . . . . . . 6 . . . . . . . . . . . . . . . . . . . 2 . . 24 . 7 . M Guard 1 | . . . . . . . . . . . . . . . . . . . . . . . . . . . . . . . . 1 . Enhanced Grunt 3 | . . . . . . . . . . . . . . . . . . . . . . . . . . . . . . . . . 3 Enhanced Hunter 1 | . . . . . . . . . . . . . . . . . . . . . . . . . . . . . . . . . 1 Hotshot 2 | . . . . . . . . . . . . . . . . . . . . . . . . . . . . . . 2 . . . Decapitator 9 | . . . . . . . . . . . . . . . . . . . . . . . . . . . . . . 9 . . . Immortal 4 | . . . . . . . . . . . . . . . . . . . . . . . . . . . . . . 4 . . . Combat Programmer 2 | . . . . . . . . . . . . . . . . . . . . . . . . . . . . . . . . 2 . Striker 23 | . . . . . . . . . . . . . . . . . . . . . . . . . . . . . . 23 . . . Executioner 26 | . . . . . . . . . . . . . . . . . . . . . . . . . . . . . . 26 . . . Alpha 7 3 | . . . . . . . . . . . . . . . . . . . . . . . . . . . . . . 3 . . . V-Series 3 | . . . . . . . . . . . . . . . . . . . . . . . . . . . . . . 3 . . . Elite 1 | . . . . . . . . . . . . . . . . . . . . . . . . . . . . . . 1 . . . Scrapoid 2 | . . . . . . . . . . . . . 1 . . . . . . . . . . . . . . . . 1 . . . Decomposer 1 | . . . . . . . . . . . 1 . . . . . . . . . . . . . . . . . . . . . . Best Kill Streak 17 | 1 4 3 6 3 . . 4 . 2 . 1 . 3 1 . 1 5 . . . 4 . . . 1 2 3 6 2 17 . 6 2 Combat Bots Only 17 | . 3 3 6 3 . . 3 . . . . . 3 . . . 5 . . . 2 . . . 1 1 3 5 . 17 . 6 2 Max Kills in Single Turn 6 | 1 2 2 1 2 . . 2 . 1 . 1 . 4 1 . 1 5 . . . 1 . . . 1 1 1 4 1 6 . 2 1 Gunslinging . | . . . . . . . . . . . . . . . . . . . . . . . . . . . . . . . . . . Exploded 5 | . 1 2 1 2 . . . . . . . . 3 . . . 5 . . . . . . . . . . 3 . 5 . 1 . Melee 1 | . . . . . . . 1 . . . . . 1 . . . . . . . 1 . . . . 1 1 . . 1 . 1 . Uniques/NPCs Destroyed 3 | . . . . . . . . . . . . . . . . . . . . . . . . . . . . . . . . 1 2 MAIN.C Shell (-1/Command) A8 (-1/Access_0) A6 (-1/Access_0) Combat | -11 -10 -10 -9 -9 -9 -9 -6 -6 -6 -6 -6 -6 -5 -5 -5 -5 -5 -5 -5 -4 -4 -4 -4 -4 -3 -3 -3 -2 -2 -2 -1 -1 -1 -------- Run | Yrd Mat Min Mat Sto Rec Scr Fac Was Fac Low Low Zio Pro Fac Was Fac Upp Upp War Pro Fac Upp Upp Zhi Pro Res Tes Res Qua Frg Acc Com Ac0 Hostile Shots Fired 1961 | . 128 14 53 32 . . 186 . 10 . . . 1 2 . 5 9 . . 2 22 . 6 . 6 49 73 24 18 675 . 235 411 Missed 883 | . 32 6 16 10 . . 65 . 8 . . . . 1 . 2 5 . . 1 12 . 4 . 2 21 34 13 13 342 . 94 202 Deflected 5 | . . . . . . . . . . . . . . . . . . . . . . . . . . . . . . . . 4 1 Hits 1078 | . 96 8 37 22 . . 121 . 2 . . . 1 1 . 3 4 . . 1 10 . 2 . 4 28 39 11 5 333 . 141 209 Melee 25 | . . . . . . . . . . . . . . . . . . . . . . . . . . . . . . 18 . 4 3 Projectile 1053 | . 96 8 37 22 . . 121 . 2 . . . 1 1 . 3 4 . . 1 10 . 2 . 4 28 39 11 5 315 . 137 206 AOE 18 | . . . . . . . . . . . . . . . . . . . . . . . . . . . . . . 8 . 10 . Critical Strikes 79 | . 3 1 1 3 . . 3 . . . . . . . . . . . . . . . . . 1 . 5 . . 32 . 11 19 Actively Blocked 62 | . . . . . . . . . . . . . . . . . . . . . . . . . . . . . . 32 . 11 19 Part Disruptions 8 | . . . . . . . . . . . . . . . . . . . . . . . . . . . 1 . . 1 . 5 1 Damage Taken 24596 | . 1119 89 403 446 101 . 1749 . 18 . 22 . 116 24 . 53 55 . . 23 204 . 40 . 197 740 636 407 89 8402 . 4174 5489 Core 3133 | . 193 23 73 6 10 . 140 . 12 . . . 20 . . 15 . . . 23 33 . . . 48 186 89 112 45 663 . 397 1045 Absorbed by Shields 4275 | . . . . . . . . . . . . . . . . . . . . . 11 . . . . . . . . 2465 . 550 1249 Redirected to Shielding 454 | . . . . . . . 11 . . . . . . . . . . . . . 14 . . . . 62 13 . . 354 . . . Regen/Repaired (Parts) 3024 | . 128 . . . . . 304 . . . . . . 36 . . . . 13 . 168 . . . . 132 . 138 154 1506 . 445 . Core Remaining (%) 64 | 100 . 13 . . . 77 . . . . . . 79 . . . . . . 96 . . . . 92 . 78 . . 37 . . 4 Volleys Fired 824 | 5 87 10 64 35 1 . 51 . 4 . . . 1 2 . 5 5 3 1 3 2 1 . . . . 3 2 2 427 11 97 2 Largest 2 | 2 2 2 2 2 2 . 2 . 1 . . . 1 1 . 1 1 1 1 1 1 1 . . . . 1 1 1 2 1 1 1 Hottest 280 | 70 70 115 150 150 140 . 155 . 90 . . . 50 90 . 90 90 90 45 45 45 45 . . . . 50 46 113 280 140 200 200 Shots Fired 1153 | 10 172 19 125 63 2 . 85 . 4 . . . 1 2 . 6 5 3 1 3 2 1 . . . . 4 2 2 532 11 96 2 Gun 538 | 10 172 18 121 60 2 . 39 . . . . . . . . . . . 1 3 2 1 . . . . . . . 109 . . . Cannon 527 | . . . 2 . . . 43 . 4 . . . . 2 . 6 3 3 . . . . . . . . 4 . 2 349 11 96 2 Launcher 87 | . . 1 2 3 . . 2 . . . . . 1 . . . 2 . . . . . . . . . . 2 . 74 . . . Special 1 | . . . . . . . 1 . . . . . . . . . . . . . . . . . . . . . . . . . . Kinetic 343 | 5 136 8 . . . . . . . . . . . . . . . . . . . . . . . . . . . 194 . . . Thermal 619 | 5 12 1 123 60 2 . 82 . 4 . . . . 2 . 6 3 3 . . . . . . . . . . 2 220 11 81 2 Explosive 87 | . . 1 2 3 . . 2 . . . . . 1 . . . 2 . . . . . . . . . . 2 . 74 . . . Electromagnetic 75 | . 24 9 . . . . . . . . . . . . . . . . . . . . . . . . . . . 42 . . . Entropic 28 | . . . . . . . . . . . . . . . . . . . 1 3 2 1 . . . . 4 . . 2 . 15 . Robot Hit Streak 30 | 2 8 7 9 19 4 . 10 . . . . . 1 . . . 2 . . . . . . . . . 3 . 4 30 . 11 1 Robot Miss Streak 12 | 3 3 2 3 2 . . 5 . . . . . 4 . . . 12 . . . . . . . . . . . . 5 . 3 1 Penetration Max 1 | . . . . . . . . . . . . . . . . . . . . . . . . . . . . . . 1 . . . Secondary Targets 2 | . 1 . . 1 . . . . . . . . . . . . . . . . . . . . . . . . . . . . . Max Gunslinging Chain 1 | . 1 . . 1 . . . . . . . . . . . . . . . . . . . . . . . . . . . . . Capacitor 26 | . . . . . . . . . . . . . . . . . . . . . . . . . . . . . . . . 26 . Shots Hit Robots 932 | 3 107 10 72 39 2 3 74 . 11 . 4 . 5 2 . 3 1 . . . 11 . . . 2 4 14 6 6 424 . 65 64 Core Hits 627 | 2 40 7 34 18 1 . 29 . 4 . 2 . 28 1 . 1 10 . . . 2 . . . . 2 5 8 3 389 . 30 11 Critical Kills 25 | . 1 . . . . . . . . . . . . . . 1 . . . . 2 . . . . 1 . . . 20 . . . Critical Parts Destroyed 39 | . . . . . . . . . . . . . . 1 . 1 . . . . 5 . . . 2 1 . . . 10 . 4 15 Critical Strikes 96 | . 1 1 4 3 . . 5 . 2 . . . . 1 . 2 . . . . 7 . . . 2 2 1 . . 43 . 6 16 Burn 9 | . . 1 4 3 . . 1 . . . . . . . . . . . . . . . . . . . . . . . . . . Meltdown 16 | . . . . . . . . . . . . . . . . . . . . . . . . . . . . . . 16 . . . Destroy 18 | . 1 . . . . . . . . . . . . . . . . . . . . . . . . . . . . 17 . . . Blast 7 | . . . . . . . . . . . . . . . . . . . . . . . . . . . . . . 7 . . . Corrupt 2 | . . . . . . . . . . . . . . . . . . . . . . . . . . . . . . 2 . . . Smash 36 | . . . . . . . . . . . . . . 1 . 2 . . . . 7 . . . 2 2 . . . 1 . 5 16 Sever 5 | . . . . . . . 2 . 2 . . . . . . . . . . . . . . . . . . . . . . 1 . Impale 2 | . . . . . . . 2 . . . . . . . . . . . . . . . . . . . . . . . . . . Sunder 1 | . . . . . . . . . . . . . . . . . . . . . . . . . . . 1 . . . . . . Melee Attacks 721 | . . . . . . 3 84 . 47 4 10 1 20 29 . 31 7 4 . 7 42 12 16 . 8 27 39 26 29 97 20 73 85 Impact 257 | . . . . . . . . . . . . . . 5 . 31 7 4 . 7 42 12 16 . 8 26 8 . . 5 3 27 56 Slashing 442 | . . . . . . . 67 . 46 4 10 1 20 24 . . . . . . . . . . . . 31 26 29 92 17 46 29 Piercing 18 | . . . . . . . 17 . 1 . . . . . . . . . . . . . . . . . . . . . . . . Sneak Attacks 60 | . . . . . . 3 11 . 1 . 3 . . 1 . 1 . . . . 5 . . . . 2 2 5 1 24 . 1 . Combat Hostiles 1 | . . . . . . . . . . . . . . . . . . . . . 1 . . . . . . . . . . . . Follow-up Attacks 15 | . . . . . . . 2 . . . . . . . . . . . . . . . . . . . . . . 1 . 6 6 Martial Strikes 8 | . . . . . . . . . . . . . . . . . . . . . . . . . . . . . . . . . 8 Damage Inflicted 93936 | 36 1352 261 1756 1030 20 . 3090 . 547 . 367 . 902 137 . 240 436 . . . 909 . . . 126 335 1014 1084 488 64293 . 8346 7167 Guns 7851 | 36 1164 155 1537 805 20 . 733 . . . . . . . . . . . . . . . . . . . . . . 3401 . . . Cannons 21792 | . . . . . . . 766 . . . . . . . . . . . . . . . . . . . 228 . 39 18741 . 1886 132 Explosions 44289 | . 188 106 219 225 . . 36 . . . . . 697 . . . 436 . . . . . . . . . . 443 . 35502 . 2971 3466 Melee 20004 | . . . . . . . 1555 . 547 . 367 . 205 137 . 240 . . . . 909 . . . 126 335 786 641 449 6649 . 3489 3569 Ramming . | . . . . . . . . . . . . . . . . . . . . . . . . . . . . . . . . . . Kinetic 9266 | 23 809 33 . . . . . . . . . . . . . . . . . . . . . . . . . . . 8401 . . . Thermal 19980 | 13 312 20 1537 805 20 . 1499 . . . . . . . . . . . . . . . . . . . . . 39 13881 . 1613 241 Explosive 36093 | . . 106 219 225 . . . . . . . . 697 . . . 436 . . . . . . . . . . 443 . 33967 . . . Electromagnetic 1334 | . 231 102 . . . . 36 . . . . . . . . . . . . . . . . . . . . . . 965 . . . Impact 12136 | . . . . . . . . . . . . . . 83 . 240 . . . . 909 . . . 126 335 53 . . 662 . 3795 5933 Slashing 13338 | . . . . . . . 1118 . 547 . 367 . 205 54 . . . . . . . . . . . . 733 641 449 6342 . 1889 993 Piercing 437 | . . . . . . . 437 . . . . . . . . . . . . . . . . . . . . . . . . . . Entropic 1352 | . . . . . . . . . . . . . . . . . . . . . . . . . . . 228 . . 75 . 1049 . Highest Corruption 22 | . . . . . . . 5 . . . . . . 1 11 11 . . . . . . 1 1 1 6 9 . . 22 . 18 2 Average Corruption 9 | . . . . . . . 2 . . . . . . 1 8 4 . . . . . . 1 1 1 3 7 . . 13 . 11 1 Corruption Purged 65 | . . . . . . . 8 . . . . . . . . 11 . . . . . . . . . . . . . . . 46 . Corruption Blocked . | . . . . . . . . . . . . . . . . . . . . . . . . . . . . . . . . . . Effects 379 | . . . . . . . 19 . . . . . . 3 1 17 . . . . . . . . 1 1 11 . . 274 . 49 3 Message Errors 84 | . . . . . . . 5 . . . . . . 2 . 3 . . . . . . . . 1 . 2 . . 59 . 12 . Matter Fused 88 | . . . . . . . 3 . . . . . . 1 1 5 . . . . . . . . . . 3 . . 60 . 14 1 Heat Flow Errors 41 | . . . . . . . 3 . . . . . . . . 3 . . . . . . . . . . 2 . . 28 . 5 . Energy Discharges 44 | . . . . . . . 4 . . . . . . . . 2 . . . . . . . . . 1 . . . 31 . 6 . Parts Rejected 11 | . . . . . . . . . . . . . . . . . . . . . . . . . . . 1 . . 7 . 1 2 Parts Fused 6 | . . . . . . . . . . . . . . . . . . . . . . . . . . . . . . 6 . . . Data Loss (minor) 41 | . . . . . . . 2 . . . . . . . . 2 . . . . . . . . . . 1 . . 31 . 5 . Data Loss (major) 16 | . . . . . . . . . . . . . . . . 1 . . . . . . . . . . 1 . . 10 . 4 . Misfires 4 | . . . . . . . 2 . . . . . . . . 1 . . . . . . . . . . 1 . . . . . . Alerts 4 | . . . . . . . . . . . . . . . . . . . . . . . . . . . . . . 3 . 1 . Misdirections 26 | . . . . . . . . . . . . . . . . . . . . . . . . . . . . . . 26 . . . Weapon Failures 14 | . . . . . . . . . . . . . . . . . . . . . . . . . . . . . . 13 . 1 . Overload Shots . | . . . . . . . . . . . . . . . . . . . . . . . . . . . . . . . . . . Overflow Damage 9080 | . . 14 . . . . 264 . 43 . 139 . 19 83 . 104 15 . . . 653 . . . 126 127 223 191 177 4623 . 880 1399 Projectiles 1103 | . . . . . . . 35 . . . . . . . . . . . . . . . . . . . 29 . . 926 . 82 31 Explosions 2478 | . . 14 . . . . . . . . . . . . . . 15 . . . . . . . . . . . . 1739 . 256 454 Melee 5499 | . . . . . . . 229 . 43 . 139 . 19 83 . 104 . . . . 653 . . . 126 127 194 191 177 1958 . 542 914 Knockbacks 79 | . . . . . . . . . . . . . . . . 2 . . . . 2 . . . . 1 . . . 10 . 19 45 Impact 56 | . . . . . . . . . . . . . . . . 2 . . . . 2 . . . . 1 . . . 2 . 12 37 Kinetic 8 | . . . . . . . . . . . . . . . . . . . . . . . . . . . . . . 8 . . . Secondary 15 | . . . . . . . . . . . . . . . . . . . . . . . . . . . . . . . . 7 8 Self-Inflicted Damage 482 | . 23 . . 27 . . 41 . . . . . 31 . . . . . . . . . . . . . . . . 360 . . . Shots 8 | . 1 . . 1 . . 2 . . . . . 1 . . . . . . . . . . . . . . . . 3 . . . Rammed . | . . . . . . . . . . . . . . . . . . . . . . . . . . . . . . . . . . Targets Rammed . | . . . . . . . . . . . . . . . . . . . . . . . . . . . . . . . . . . Kicked . | . . . . . . . . . . . . . . . . . . . . . . . . . . . . . . . . . . Crushed . | . . . . . . . . . . . . . . . . . . . . . . . . . . . . . . . . . . Highest Temperature 410 | 70 318 57 410 186 42 . 228 3 46 1 1 . . 43 . 273 76 76 . 21 242 300 207 114 66 41 243 . 299 236 222 248 76 Average Temperature 67 | 28 166 28 100 62 38 . 65 2 21 1 1 . . 23 . 102 39 29 . 8 70 89 60 39 17 10 75 . 117 63 74 32 42 Received Heat Transfer 2083 | . 513 57 126 180 54 . 180 . 6 . . . 9 . . 9 . . . 9 42 . 12 . 61 24 . 9 27 384 . 318 63 Effects 1 | . . . . . . . . . . . . . . . . . . . . . . . 1 . . . . . . . . . . Energy Bleed 1 | . . . . . . . . . . . . . . . . . . . . . . . 1 . . . . . . . . . . Siege Activations . | . . . . . . . . . . . . . . . . . . . . . . . . . . . . . . . . . . Martial Activations . | . . . . . . . . . . . . . . . . . . . . . . . . . . . . . . . . . . Shielding Activations . | . . . . . . . . . . . . . . . . . . . . . . . . . . . . . . . . . . Robots Disrupted . | . . . . . . . . . . . . . . . . . . . . . . . . . . . . . . . . . . Combat Hostiles . | . . . . . . . . . . . . . . . . . . . . . . . . . . . . . . . . . . Robots Corrupted 27 | . . . . . . . . . . . . . . . . 2 . . . . 4 . . . 1 2 1 . . 8 . 3 6 Combat Hostiles 19 | . . . . . . . . . . . . . . . . . . . . . 1 . . . 1 . . . . 8 . 3 6 Parts Fried 31 | . . 1 . . . . . . . . . . . 1 . 1 . . . . 4 . . . . 3 1 . . 15 . . 5 Impact Corruptions 95 | . . . . . . . . . . . . . . 1 . 5 . . . . 13 . . . 4 4 1 . . 6 . 20 41 Robots Melted 18 | . . . . . . . 1 . . . . . . . . . . . . . . . . . . . . . . 17 . . . Combat Hostiles 17 | . . . . . . . 1 . . . . . . . . . . . . . . . . . . . . . . 16 . . . Parts Melted 54 | . . . 5 5 . . 8 . . . . . . . . . . . . . . . . . . . . . . 35 . 1 . Heat Transferred 16412 | 37 520 111 2997 1628 74 . 2212 . . . . . . . . . . . . . . . . . . . . . 37 7967 . 797 32 Parts Sabotaged 5 | . . . . . . . . . . . . . . . . . . . . . . . . . . . . . . 3 . 2 . Parts Stolen . | . . . . . . . . . . . . . . . . . . . . . . . . . . . . . . . . . . Parts Stripped . | . . . . . . . . . . . . . . . . . . . . . . . . . . . . . . . . . . Power Chain Reactions 2 | . 2 . . . . . . . . . . . . . . . . . . . . . . . . . . . . . . . . Alert | -11 -10 -10 -9 -9 -9 -9 -6 -6 -6 -6 -6 -6 -5 -5 -5 -5 -5 -5 -5 -4 -4 -4 -4 -4 -3 -3 -3 -2 -2 -2 -1 -1 -1 ------- Run | Yrd Mat Min Mat Sto Rec Scr Fac Was Fac Low Low Zio Pro Fac Was Fac Upp Upp War Pro Fac Upp Upp Zhi Pro Res Tes Res Qua Frg Acc Com Ac0 Maximum Alert Level 5 | . . . 1 1 . . 1 . . . . . . . . . . . . . 1 . . . . 1 1 1 1 5 5 5 . Low Security (%) 50 | 100 100 100 33 83 100 . 53 100 100 . . . . 100 100 100 . . . . 56 . . . . 95 41 85 9 19 . . . Level 1 16 | . . . 66 16 . . 46 . . . . . . . . . . . . . 43 . . . . 4 58 14 90 5 . . . Level 2 . | . . . . . . . . . . . . . . . . . . . . . . . . . . . . . . 1 . . . Level 3 . | . . . . . . . . . . . . . . . . . . . . . . . . . . . . . . 3 . . . Level 4 1 | . . . . . . . . . . . . . . . . . . . . . . . . . . . . . . 4 . . . Level 5 30 | . . . . . . . . . . . . . . . . . . . . . . . . . . . . . . 65 100 96 . High Security . | . . . . . . . . . . . . . . . . . . . . . . . . . . . . . . . . 3 . Max Security . | . . . . . . . . . . . . . . . . . . . . . . . . . . . . . . . . . . Peak Influence 6908 | 5 103 81 340 243 50 . 399 136 121 . . . . 120 . 67 . . . . 325 . . . . 312 240 335 338 6908 4612 4137 . Initial 4144 | . . 9 12 73 . . . 136 74 . . . . 115 . . . . . . 4 . . . . 6 171 130 188 87 4144 2951 . Average 1011 | . 17 11 196 92 4 . 160 124 78 . . . . 57 . 17 . . . . 177 . . . . 29 202 120 267 2395 4306 3296 . Influence Increases 17260 | 5 372 131 713 419 204 . 863 . 357 155 11 . 377 143 . 173 130 . . 283 589 61 105 . 110 524 231 451 349 7658 768 1843 235 Destroy 0b10 Robot/C 6860 | . 220 100 380 220 . . 320 . 20 120 . . 240 . . . 120 . . 160 60 40 . . 60 40 60 100 . 4360 40 200 . Destroy 0b10 Robot/NC 605 | 5 35 . 55 30 . . 70 . 20 . 10 . 15 10 . 15 . . . . 25 . . . . 15 15 15 15 230 . 25 . Destroy Leader 1162 | . 46 20 126 68 . . 130 . 18 10 . . 30 2 . 6 10 . . 20 16 10 . . 10 12 26 12 6 550 . 34 . Allied During Kill 227 | . . . . . . . 5 . 10 25 1 . 77 . . . . . . 58 . 11 . . 10 . . . . . 9 21 . Trap Triggered on 0b10 30 | . . . 30 . . . . . . . . . . . . . . . . . . . . . . . . . . . . . . Successful Hack 506 | . . . 64 10 24 . 77 . 55 . . . . 13 . . . . . . 19 . . . . 25 . 33 31 80 36 39 . Select Force Hacks 210 | . 30 . . . 180 . . . . . . . . . . . . . . . . . . . . . . . . . . . . Disable Machine 870 | . . . 15 45 . . 60 . . . . . . . . . . . . . . . . . . 15 75 15 60 345 60 105 75 Destroy Structure 1990 | . 11 11 13 31 . . 81 . 39 . . . . 58 . 62 . . . . 64 . . . . 42 40 111 42 863 108 254 160 Partial Spotted 705 | . . . . . . . 15 . 135 . . . . 15 . . . . . . 90 . . . . 15 15 45 30 330 . 15 . Lose Combat Pursuer 3195 | . 30 . 30 15 . . 105 . 60 . . . 15 45 . 90 . . . 45 315 . 105 . 30 360 . 120 165 900 15 750 . Active Sensor Use 900 | . . . . . . . . . . . . . . . . . . . . . . . . . . . . . . . 500 400 . Influence Decreases 17260 | 5 347 123 571 594 204 . 472 285 356 191 82 . 193 327 . 173 60 70 . 275 438 220 36 69 100 228 305 348 527 907 3064 2537 4153 Entered New Map 9499 | . . 16 21 102 . . . 255 32 41 15 . . 69 . . . 14 . . 4 60 . 69 . 4 135 102 147 70 2764 1661 3918 Time Decay 5909 | 5 297 107 530 492 204 . 432 30 294 130 67 . 153 228 . 173 60 56 . 195 332 140 36 . 70 194 150 246 130 642 230 286 . Search Patrol Dispatched 200 | . . . . . . . . . . . . . . . . . . . . . 100 . . . . . . . 100 . . . . Lost Part 680 | . 50 . 20 . . . 30 . . . . . . . . . . . . . . . . . 10 10 20 . . 195 . 170 175 Lost Ally 822 | . . . . . . . 10 . 30 20 . . 40 30 . . . . . 80 2 20 . . 20 20 . . . . 70 420 60 Purge Threat 150 | . . . . . . . . . . . . . . . . . . . . . . . . . . . . . 150 . . . . Squads Dispatched 95 | . 2 . . 1 . . 18 . 9 . . . . 8 . 3 . . . . 10 . . . . 5 1 6 2 6 9 15 . Investigation 53 | . 1 . . . . . 10 . 7 . . . . 7 . 2 . . . . 6 . . . . 3 . 3 1 2 6 5 . Extermination 23 | . . . . . . . 5 . 1 . . . . 1 . 1 . . . . 2 . . . . 1 1 2 1 3 2 3 . Reinforcement 13 | . 1 . . 1 . . 3 . 1 . . . . . . . . . . . 2 . . . . 1 . 1 . 1 1 1 . Assault 6 | . . . . . . . . . . . . . . . . . . . . . . . . . . . . . . . . 6 . Garrison . | . . . . . . . . . . . . . . . . . . . . . . . . . . . . . . . . . . Intercept . | . . . . . . . . . . . . . . . . . . . . . . . . . . . . . . . . . . Searches Triggered 2 | . . . . . . . . . . . . . . . . . . . . . 1 . . . . . . . 1 . . . . Unchained Authorized 3 | . . . . . . . . . . . . . . . . . . . . . . . . . . . 1 1 1 . . . . Construction Impeded 1 | . . . . . . . 1 . . . . . . . . . . . . . . . . . . . . . . . . . . Haulers Reinforced 1 | . . . . . . . 1 . . . . . . . . . . . . . . . . . . . . . . . . . . Active Scanning Responses 9 | . . . . . . . . . . . . . . . . . . . . . . . . . . . . . . . 5 4 . Cargo Convoy Interrupts . | . . . . . . . . . . . . . . . . . . . . . . . . . . . . . . . . . . Stealth | -11 -10 -10 -9 -9 -9 -9 -6 -6 -6 -6 -6 -6 -5 -5 -5 -5 -5 -5 -5 -4 -4 -4 -4 -4 -3 -3 -3 -2 -2 -2 -1 -1 -1 --------- Run | Yrd Mat Min Mat Sto Rec Scr Fac Was Fac Low Low Zio Pro Fac Was Fac Upp Upp War Pro Fac Upp Upp Zhi Pro Res Tes Res Qua Frg Acc Com Ac0 Distress Signals 54 | . 1 . 2 3 . . 2 . 2 . . . . 1 . . . . . . . . . . . . 1 . . 16 . 26 . Communications Jammed 1 | . . . . . . . . . . . . . . . . . . . . . . . . . . . . . . 1 . . . Distress Signals 1 | . . . . . . . . . . . . . . . . . . . . . . . . . . . . . . 1 . . . Times Spotted 956 | . 25 5 32 23 1 . 33 . 12 . 1 . 7 6 4 10 9 . . 3 30 . 7 . 4 37 11 18 15 550 5 81 27 Peak Tracking Total 22 | . 4 3 6 5 1 . 6 . 4 . 1 . 5 4 4 6 5 . . 3 12 . 4 . 3 22 6 11 6 15 2 19 12 Tactical Retreats 86 | . 2 . 2 1 . . 3 . 3 . . . 1 2 . 2 . . . 1 4 . 3 . 1 4 . 3 3 32 1 13 5 Traps | -11 -10 -10 -9 -9 -9 -9 -6 -6 -6 -6 -6 -6 -5 -5 -5 -5 -5 -5 -5 -4 -4 -4 -4 -4 -3 -3 -3 -2 -2 -2 -1 -1 -1 ------- Run | Yrd Mat Min Mat Sto Rec Scr Fac Was Fac Low Low Zio Pro Fac Was Fac Upp Upp War Pro Fac Upp Upp Zhi Pro Res Tes Res Qua Frg Acc Com Ac0 Traps Triggered 45 | . 2 . 4 2 . . 5 . 2 . . . . 3 . 2 . . . . . . . . . 1 . 2 . 20 . 2 . Indirectly 1 | . . . . . . . 1 . . . . . . . . . . . . . . . . . . . . . . . . . . Trap Hack Attempts . | . . . . . . . . . . . . . . . . . . . . . . . . . . . . . . . . . . Triggered . | . . . . . . . . . . . . . . . . . . . . . . . . . . . . . . . . . . Disarmed . | . . . . . . . . . . . . . . . . . . . . . . . . . . . . . . . . . . Reprogrammed . | . . . . . . . . . . . . . . . . . . . . . . . . . . . . . . . . . . Reused 3 | . . . 3 . . . . . . . . . . . . . . . . . . . . . . . . . . . . . . Traps Extracted . | . . . . . . . . . . . . . . . . . . . . . . . . . . . . . . . . . . Installed 3 | . . . 3 . . . . . . . . . . . . . . . . . . . . . . . . . . . . . . Triggered 3 | . . . 3 . . . . . . . . . . . . . . . . . . . . . . . . . . . . . . Most Traps Carried 3 | . . 3 3 . . . . . . . . . . . . . . . . . . . . . . . . . . . . . . Machines | -11 -10 -10 -9 -9 -9 -9 -6 -6 -6 -6 -6 -6 -5 -5 -5 -5 -5 -5 -5 -4 -4 -4 -4 -4 -3 -3 -3 -2 -2 -2 -1 -1 -1 ---------- Run | Yrd Mat Min Mat Sto Rec Scr Fac Was Fac Low Low Zio Pro Fac Was Fac Upp Upp War Pro Fac Upp Upp Zhi Pro Res Tes Res Qua Frg Acc Com Ac0 Machines Disabled 69 | . . . 1 3 . . 4 . . . . . . . . . 1 . 1 . . . . . . 1 5 1 4 31 4 8 5 Max in Single Turn 2 | . . . 1 1 . . 2 . . . . . . . . . 1 . 1 . . . . . . . 1 1 1 2 1 1 1 Garrison Access 10 | . . . . . . . 1 . 2 . . . . 1 . 1 . . . . 1 . . . . 1 . 1 1 1 . . . Phase Generator 1 | . . . . . . . . . . . . . . . . . . . . . . . . . . . . . . . . 1 . Machines Repaired . | . . . . . . . . . . . . . . . . . . . . . . . . . . . . . . . . . . Machines Dismantled 1 | . . . . 1 . . . . . . . . . . . . . . . . . . . . . . . . . . . . . Machines Sabotaged . | . . . . . . . . . . . . . . . . . . . . . . . . . . . . . . . . . . Overloaded Fab Kills . | . . . . . . . . . . . . . . . . . . . . . . . . . . . . . . . . . . Hacking | -11 -10 -10 -9 -9 -9 -9 -6 -6 -6 -6 -6 -6 -5 -5 -5 -5 -5 -5 -5 -4 -4 -4 -4 -4 -3 -3 -3 -2 -2 -2 -1 -1 -1 --------- Run | Yrd Mat Min Mat Sto Rec Scr Fac Was Fac Low Low Zio Pro Fac Was Fac Upp Upp War Pro Fac Upp Upp Zhi Pro Res Tes Res Qua Frg Acc Com Ac0 Machines Accessed 174 | . 2 1 11 5 13 3 20 . 20 . 1 . . 20 . 8 1 1 2 . 13 . . 4 . 8 . 7 8 15 4 7 . Terminals 75 | . . . 9 4 6 . 5 . 9 . . . . 8 . 3 . 1 . . 6 . . . . 2 . 2 6 4 3 7 . Fabricators 13 | . . . . . . . 3 . 1 . . . . 1 . 1 . . . . . . . . . 1 . 1 . 4 1 . . Repair Stations 11 | . 1 . . . . . 2 . . . . . . 1 . . . . . . 1 . . . . 2 . 1 1 2 . . . Recycling Units 39 | . 1 . . . 7 . 8 . 6 . . . . 7 . 2 . . . . 4 . . . . 1 . 1 . 2 . . . Scanalyzers 13 | . . . 2 . . . 1 . 2 . . . . 2 . 1 . . . . 1 . . . . 1 . 1 . 2 . . . Garrison Access 11 | . . . . 1 . . 1 . 2 . . . . 1 . 1 . . . . 1 . . . . 1 . 1 1 1 . . . Total Hacks 437 | . 5 1 27 12 24 22 47 . 53 . 1 . . 49 . 15 1 1 2 . 32 . . 16 . 17 . 20 31 40 9 12 . Successful 287 | . 3 1 17 3 13 22 31 . 32 . 1 . . 37 . 10 1 1 2 . 21 . . 16 . 13 . 11 16 28 4 4 . Failed 147 | . 2 . 9 9 11 . 15 . 21 . . . . 12 . 5 . . . . 11 . . . . 4 . 9 15 11 5 8 . Catastrophic 16 | . . . 2 . 1 . 2 . 1 . . . . 1 . 1 . . . . . . . . . . . . . 4 2 2 . Database Lockouts 3 | . . . 1 . . . 1 . . . . . . . . . . . . . . . . . . . . . . 1 . . . Manual 203 | . 2 . 5 8 23 . 22 . 36 . . . . 27 . 10 . . . . 18 . . . . 6 . 9 10 19 4 4 . Terminals 205 | . . . 20 9 14 . 16 . 29 . . . . 23 . 7 . 1 . . 18 . . . . 3 . 8 25 14 6 12 . Fabricators 36 | . . . . . . . 7 . 4 . . . . 3 . 2 . . . . . . . . . 6 . 5 . 6 3 . . Repair Stations 27 | . 3 . . . . . 3 . . . . . . 2 . . . . . . 4 . . . . 5 . 2 4 4 . . . Recycling Units 55 | . 2 . . . 10 . 10 . 9 . . . . 10 . 2 . . . . 6 . . . . 1 . 2 . 3 . . . Scanalyzers 52 | . . . 7 . . . 9 . 7 . . . . 10 . 3 . . . . 3 . . . . 1 . 1 . 11 . . . Garrison Access 19 | . . . . 3 . . 2 . 4 . . . . 1 . 1 . . . . 1 . . . . 1 . 2 2 2 . . . Terminal Hacks 98 | . . 1 9 1 1 22 4 . 6 . 1 . . 5 . . 1 1 2 . 4 . . 16 . 2 . 2 10 6 1 3 . Record 27 | . . . . . . 22 . . . . . . . . . . . 1 . . . . . 4 . . . . . . . . . Part Schematic 5 | . . . . . . . . . . . . . . . . . . . . . . . . 4 . 1 . . . . . . . Robot Analysis 7 | . . . . . . . 1 . . . . . . . . . . . . . . . . 4 . . . . 1 . . 1 . Prototype ID Bank 8 | . . . 2 . 1 . . . 1 . . . . . . . . . . . . . . 4 . . . . . . . . . Open Door 5 | . . 1 . . . . . . . . 1 . . . . . 1 . 2 . . . . . . . . . . . . . . Branch Access Points 2 | . . . . . . . . . 1 . . . . . . . . . . . . . . . . . . . . . 1 . . Machine Index 1 | . . . . . . . . . . . . . . 1 . . . . . . . . . . . . . . . . . . . Terminal Index 4 | . . . . . . . . . 1 . . . . . . . . . . . 1 . . . . . . . 1 1 . . . Recycling Unit Index 1 | . . . . . . . . . . . . . . . . . . . . . . . . . . . . 1 . . . . . Scanalyzer Index 1 | . . . 1 . . . . . . . . . . . . . . . . . . . . . . . . . . . . . . Garrison Index 1 | . . . . . . . . . . . . . . . . . . . . . . . . . . . . . 1 . . . . Alert Level 2 | . . . . . . . . . . . . . . . . . . . . . . . . . . . . . 1 . . 1 . Unreport Threat 1 | . . . . . . . . . . . . . . . . . . . . . . . . . . . . . 1 . . . . Locate Traps 9 | . . . 2 . . . 1 . . . . . . 1 . . . . . . 1 . . . . . . 1 1 2 . . . Security Status 1 | . . . . . . . . . . . . . . . . . . . . . . . . . . . . . 1 . . . . Patrol Status 1 | . . . 1 . . . . . . . . . . . . . . . . . . . . . . . . . . . . . . Extermination Status 1 | . . . . . . . 1 . . . . . . . . . . . . . . . . . . . . . . . . . . Recall Investigation 1 | . . . . . . . . . . . . . . . . . . . . . . . . . . 1 . . . . . . . Recall Extermination 7 | . . . . . . . 1 . 1 . . . . 1 . . . . . . 1 . . . . . . . 1 2 . . . Hauler Manifests 6 | . . . 1 1 . . . . 1 . . . . 1 . . . . . . 1 . . . . . . . 1 . . . . Registered Components 4 | . . . 1 . . . . . 1 . . . . 1 . . . . . . . . . . . . . . . . . 1 . Registered Prototypes 1 | . . . . . . . . . . . . . . . . . . . . . . . . . . . . . 1 . . . . Zone Layout 2 | . . . 1 . . . . . . . . . . . . . . . . . . . . . . . . . . 1 . . . Fabricator Hacks 11 | . . . . . . . 1 . 1 . . . . 1 . 1 . . . . . . . . . 3 . 3 . . 1 . . Network Status 5 | . . . . . . . 1 . . . . . . 1 . 1 . . . . . . . . . 1 . 1 . . . . . Load Schematic 3 | . . . . . . . . . . . . . . . . . . . . . . . . . . 1 . 1 . . 1 . . Build 3 | . . . . . . . . . 1 . . . . . . . . . . . . . . . . 1 . 1 . . . . . Repair Station Hacks 17 | . 2 . . . . . 2 . . . . . . 2 . . . . . . 4 . . . . 2 . . 1 4 . . . Scan Component 9 | . 1 . . . . . 1 . . . . . . 1 . . . . . . 2 . . . . 1 . . 1 2 . . . Repair 8 | . 1 . . . . . 1 . . . . . . 1 . . . . . . 2 . . . . 1 . . . 2 . . . Recycling Unit Hacks 4 | . . . . . . . 2 . . . . . . 1 . . . . . . . . . . . . . . . 1 . . . Retrieve Components 4 | . . . . . . . 2 . . . . . . 1 . . . . . . . . . . . . . . . 1 . . . Scanalyzer 39 | . . . 6 . . . 4 . 6 . . . . 8 . 3 . . . . 2 . . . . 1 . 1 . 8 . . . Insert Component 17 | . . . 3 . . . 1 . 3 . . . . 3 . 1 . . . . 2 . . . . . . . . 4 . . . Analyze 12 | . . . 2 . . . 1 . 2 . . . . 4 . 1 . . . . . . . . . . . . . 2 . . . Retrieve Study 10 | . . . 1 . . . 2 . 1 . . . . 1 . 1 . . . . . . . . . 1 . 1 . 2 . . . Garrison Access Hacks 10 | . . . . . . . 1 . 2 . . . . 1 . 1 . . . . 1 . . . . 1 . 1 1 1 . . . Seal Access 10 | . . . . . . . 1 . 2 . . . . 1 . 1 . . . . 1 . . . . 1 . 1 1 1 . . . Unauthorized Hacks 108 | . 1 . 2 2 12 . 17 . 17 . . . . 19 . 5 . . . . 10 . . . . 4 . 4 4 8 2 1 . Terminals 55 | . . . 2 2 6 . 5 . 10 . . . . 10 . 2 . . . . 6 . . . . 1 . 1 3 4 2 1 . Track 3 | . . . . . . . . . . . . . . 1 . . . . . . . . . . . . . . . 2 . . . Assimilate 6 | . . . . . . . . . 3 . . . . 2 . . . . . . . . . . . . . . . . 1 . . Botnet 15 | . . . 1 1 1 . 2 . 1 . . . . 1 . 1 . . . . 1 . . . . 1 . 1 1 1 1 1 . Operators 10 | . . . 1 1 . . 1 . 1 . . . . 1 . 1 . . . . 1 . . . . . . . 2 1 . . . Skim 21 | . . . . . 5 . 2 . 5 . . . . 5 . . . . . . 4 . . . . . . . . . . . . Fabricators 11 | . . . . . . . 3 . 1 . . . . 2 . 1 . . . . . . . . . 1 . 1 . 2 . . . Liberate 3 | . . . . . . . 2 . . . . . . 1 . . . . . . . . . . . . . . . . . . . Fabnet 2 | . . . . . . . . . . . . . . . . . . . . . . . . . . . . . . 2 . . . Haulers 6 | . . . . . . . 1 . 1 . . . . 1 . 1 . . . . . . . . . 1 . 1 . . . . . Repair Stations 4 | . . . . . . . 1 . . . . . . . . . . . . . . . . . . 1 . 1 1 . . . . Patch 4 | . . . . . . . 1 . . . . . . . . . . . . . . . . . . 1 . 1 1 . . . . Recycling Units 37 | . 1 . . . 6 . 8 . 6 . . . . 7 . 2 . . . . 4 . . . . 1 . 1 . 1 . . . Tunnel 7 | . 1 . . . 6 . . . . . . . . . . . . . . . . . . . . . . . . . . . . Fedlink 28 | . . . . . . . 8 . 5 . . . . 7 . 2 . . . . 3 . . . . 1 . 1 . 1 . . . Scrapoids 2 | . . . . . . . . . 1 . . . . . . . . . . . 1 . . . . . . . . . . . . Scanalyzers 1 | . . . . . . . . . . . . . . . . . . . . . . . . . . . . . . 1 . . . Researchers 1 | . . . . . . . . . . . . . . . . . . . . . . . . . . . . . . 1 . . . Garrison Access . | . . . . . . . . . . . . . . . . . . . . . . . . . . . . . . . . . . Data Cores Recovered 1 | . . . . 1 . . . . . . . . . . . . . . . . . . . . . . . . . . . . . Used . | . . . . . . . . . . . . . . . . . . . . . . . . . . . . . . . . . . Hacking Detections 94 | . 1 . 9 4 7 . 9 . 11 . . . . 6 . 4 . . . . 5 . . . . 4 . 6 7 11 4 6 . Full Trace Events 6 | . . . 1 . . . 1 . . . . . . . . . . . . . . . . . . 1 . 1 . 1 1 . . Feedback Events 1 | . . . . . . . . . . . . . . . . . . . . . . . . . . . . . . 1 . . . Corruption 1 | . . . . . . . . . . . . . . . . . . . . . . . . . . . . . . 1 . . . Feedback Blocked . | . . . . . . . . . . . . . . . . . . . . . . . . . . . . . . . . . . Robot Schematics Acquired 6 | . . . . . . . . . . . . 4 . . . . . . . . . . . . . . . . . 2 . . . Robots Built . | . . . . . . . . . . . . . . . . . . . . . . . . . . . . . . . . . . Authchips . | . . . . . . . . . . . . . . . . . . . . . . . . . . . . . . . . . . Time . | . . . . . . . . . . . . . . . . . . . . . . . . . . . . . . . . . . Total Robot Build Rating . | . . . . . . . . . . . . . . . . . . . . . . . . . . . . . . . . . . Part Schematics Acquired 40 | . . . 2 . . . 1 . 1 . . 14 . 2 . . . . . . . . . 4 . 1 . . . 15 . . . Parts Built 4 | . . . . . . . . . 2 . . . . . . . . . . . . . . . . 1 . 1 . . . . . Authchips . | . . . . . . . . . . . . . . . . . . . . . . . . . . . . . . . . . . Time 271 | . . . . . . . . . 58 . . . . . . . . . . . . . . . . 102 . 111 . . . . . Total Part Build Rating 31 | . . . . . . . . . 14 . . . . . . . . . . . . . . . . 8 . 9 . . . . . Part Studies Acquired 10 | . . . 1 . . . 2 . 1 . . . . 1 . 1 . . . . . . . . . 1 . 1 . 2 . . . Parts Repaired 8 | . 1 . . . . . 1 . . . . . . 1 . . . . . . 2 . . . . 1 . . . 2 . . . Time 484 | . 26 . . . . . 108 . . . . . . 60 . . . . . . 164 . . . . 28 . . . 98 . . . Parts Recycled . | . . . . . . . . . . . . . . . . . . . . . . . . . . . . . . . . . . Recycled Matter . | . . . . . . . . . . . . . . . . . . . . . . . . . . . . . . . . . . Retrieved Matter . | . . . . . . . . . . . . . . . . . . . . . . . . . . . . . . . . . . Retrieved Components 14 | . . . . . . . 11 . . . . . . 1 . . . . . . . . . . . . . . . 2 . . . Parts Scanalyzed 10 | . . . 2 . . . 1 . 2 . . . . 2 . 1 . . . . . . . . . . . . . 2 . . . Part Schematics Acquired 8 | . . . 2 . . . 1 . 1 . . . . 2 . . . . . . . . . . . . . . . 2 . . . Parts Damaged . | . . . . . . . . . . . . . . . . . . . . . . . . . . . . . . . . . . Bothacking | -11 -10 -10 -9 -9 -9 -9 -6 -6 -6 -6 -6 -6 -5 -5 -5 -5 -5 -5 -5 -4 -4 -4 -4 -4 -3 -3 -3 -2 -2 -2 -1 -1 -1 ------------ Run | Yrd Mat Min Mat Sto Rec Scr Fac Was Fac Low Low Zio Pro Fac Was Fac Upp Upp War Pro Fac Upp Upp Zhi Pro Res Tes Res Qua Frg Acc Com Ac0 Used RIF Installer . | . . . . . . . . . . . . . . . . . . . . . . . . . . . . . . . . . . Robots Hacked 19 | . . . . . . 3 1 . . . . . . . . . . . . . . . . . . . . . . . 4 11 . Non-combat 2 | . . . . . . 1 1 . . . . . . . . . . . . . . . . . . . . . . . . . . Combat 17 | . . . . . . 2 . . . . . . . . . . . . . . . . . . . . . . . . 4 11 . Robot Hacks Applied 4 | . . . . . . 3 1 . . . . . . . . . . . . . . . . . . . . . . . . . . parse_system 3 | . . . . . . 3 . . . . . . . . . . . . . . . . . . . . . . . . . . . find_chute 1 | . . . . . . . 1 . . . . . . . . . . . . . . . . . . . . . . . . . . Relay Couplers Released . | . . . . . . . . . . . . . . . . . . . . . . . . . . . . . . . . . . Fabnet Peak Effective % 6 | . . . . . . . . . . . . . . . . . . . . . . . . . . . . . . . 6 6 6 Autooverrided 15 | . . . . . . . . . . . . . . . . . . . . . . . . . . . . . . . 4 11 . Robots Rewired 5 | . . . . . . . . . . . . . . . . . . . 5 . . . . . . . . . . . . . . Allies Hacked 3 | . . . . . . . . . . . . . . . . . . . . . . 1 . . . . . . . . . 2 . Hacks Repelled . | . . . . . . . . . . . . . . . . . . . . . . . . . . . . . . . . . . Allies | -11 -10 -10 -9 -9 -9 -9 -6 -6 -6 -6 -6 -6 -5 -5 -5 -5 -5 -5 -5 -4 -4 -4 -4 -4 -3 -3 -3 -2 -2 -2 -1 -1 -1 -------- Run | Yrd Mat Min Mat Sto Rec Scr Fac Was Fac Low Low Zio Pro Fac Was Fac Upp Upp War Pro Fac Upp Upp Zhi Pro Res Tes Res Qua Frg Acc Com Ac0 Total Allies 50 | . . . . 10 . . . . 8 . . 3 . 2 . . . . 5 . 5 . . . . . . . . . 5 12 . Largest Group 10 | . . . . 10 9 6 6 . 5 5 4 7 7 2 1 . . . 5 5 5 5 3 2 2 1 . . . . 5 7 . Highest-Rated Group 452 | . . . . 88 80 56 56 . 140 140 112 211 211 30 26 . . . 254 254 235 235 141 94 94 47 . . . . 297 452 . Highest-Rated Ally 89 | . . . . 16 16 16 16 . 28 28 28 51 51 26 26 . . . 64 64 57 47 47 47 47 47 . . . . 82 89 . Initial UFD Resources 125 | . . . . . . . 22 48 48 55 55 55 57 57 81 81 85 85 85 88 88 101 101 101 103 103 113 115 125 125 . . . Total Orders 36 | . . . . . 2 1 . . . . 1 . . . . . . . . 2 . 4 4 . . . . . . . . 11 11 STAY 8 | . . . . . 1 1 . . . . 1 . . . . . . . . 1 . 2 2 . . . . . . . . . . FOLLOW 7 | . . . . . 1 . . . . . . . . . . . . . . 1 . 2 2 . . . . . . . . . 1 EXPLORE 4 | . . . . . . . . . . . . . . . . . . . . . . . . . . . . . . . . . 4 RETURN 17 | . . . . . . . . . . . . . . . . . . . . . . . . . . . . . . . . 11 6 Ally Attacks 358 | . . . . . . . 9 . 5 25 15 . 53 1 . . . . . 35 . 19 2 . 12 3 . . . . 15 119 45 Total Damage 12648 | . . . . . . . 97 . 109 320 212 . 888 . . . . . . 995 . 361 37 . 229 59 . . . . 537 6944 1860 Kills 40 | . . . . . . . 1 . 1 6 1 . 11 . . . . . . 8 . 2 . . 2 1 . . . . 2 5 . Allies Corrupted 5 | . . . . . . . . . . . . . . . . . . . . . . 1 . . . . . . . . . 4 . Allies Melted 4 | . . . . . 1 . . . . . . . . . . . . . . . . . . . . . . . . 3 . . . Intel | -11 -10 -10 -9 -9 -9 -9 -6 -6 -6 -6 -6 -6 -5 -5 -5 -5 -5 -5 -5 -4 -4 -4 -4 -4 -3 -3 -3 -2 -2 -2 -1 -1 -1 ------- Run | Yrd Mat Min Mat Sto Rec Scr Fac Was Fac Low Low Zio Pro Fac Was Fac Upp Upp War Pro Fac Upp Upp Zhi Pro Res Tes Res Qua Frg Acc Com Ac0 Active Infowar (turns) 24829 | 24 654 819 1612 116 . . 2098 63 569 276 341 278 398 537 51 598 298 278 339 515 806 543 1012 62 206 689 318 531 271 7266 491 2227 543 Optics 12216 | . . . . . . . . . . . . . . . . . . . . . . . . . . 569 318 531 271 7266 491 2227 543 Sensors 10478 | . . . . . . . 544 63 569 276 341 276 394 537 51 592 298 278 219 515 806 543 1012 62 204 689 316 498 241 1154 . . . A.S.S. 991 | . . . . . . . . . . . . . . . . . . . . . . . . . . . . . . . 407 584 . Structural 8403 | . . . . . . . 795 . 511 273 340 253 393 234 . 160 87 44 141 303 468 295 1012 14 204 618 186 524 223 519 342 44 420 Seismic 4780 | 24 654 819 1612 116 . . 1555 . . . . . . . . . . . . . . . . . . . . . . . . . . Cloaking 2199 | . . . . . . . . . . . . . . . . . . . . . . . . . . . . . . 7 491 1278 423 Jamming 1334 | . . . . . . . . . . . . . . . . . . . . . . . . . . . . . 38 1296 . . . Robot Analysis Total 7 | . . . . . . . 1 . . . . . . . . . . . . . . . . 4 . . . . 1 . . 1 . Derelict Logs Recovered 13 | . . 1 . . . . . . . 2 . . 2 . . . 1 . . 3 . 2 2 . . . . . . . . . . Drone Launches 27 | . . . . . . . . . . . . . . . . . . . . . . . . . . . . . . . . 19 8 Drone Recoveries 15 | . . . . . . . . . . . . . . . . . . . . . . . . . . . . . . . . 10 5 Exploration | -11 -10 -10 -9 -9 -9 -9 -6 -6 -6 -6 -6 -6 -5 -5 -5 -5 -5 -5 -5 -4 -4 -4 -4 -4 -3 -3 -3 -2 -2 -2 -1 -1 -1 ------------- Run | Yrd Mat Min Mat Sto Rec Scr Fac Was Fac Low Low Zio Pro Fac Was Fac Upp Upp War Pro Fac Upp Upp Zhi Pro Res Tes Res Qua Frg Acc Com Ac0 Turns Passed 31874 | 121 1326 866 2061 1593 1941 2156 2113 63 654 278 349 292 433 537 51 598 298 278 340 515 806 543 1012 77 237 689 318 531 271 7266 491 2227 543 Spaces Moved 46367 | 58 562 498 1194 758 876 1560 1837 244 1599 894 831 743 964 1510 126 1236 709 491 559 1069 1507 1022 1249 189 682 985 684 1363 987 14411 850 3278 842 Core 2 | 2 . . . . . . . . . . . . . . . . . . . . . . . . . . . . . . . . . Treads 1211 | 56 561 498 95 1 . . . . . . . . . . . . . . . . . . . . . . . . . . . . . Legs . | . . . . . . . . . . . . . . . . . . . . . . . . . . . . . . . . . . Wheels 5127 | . 1 . 1099 757 876 1560 834 . . . . . . . . . . . . . . . . . . . . . . . . . . Hover 12152 | . . . . . . . . . . . . . . . . . . . . . . . . . . . . . . 7182 850 3278 842 Flight 27875 | . . . . . . . 1003 244 1599 894 831 743 964 1510 126 1236 709 491 559 1069 1507 1022 1249 189 682 985 684 1363 987 7229 . . . Fastest Speed 6 | 50 95 160 80 145 140 115 25 25 25 25 25 25 25 25 26 26 26 26 25 25 21 21 21 20 20 19 16 17 8 6 33 33 39 Average Speed 41 | 156 159 160 139 174 170 134 71 25 25 25 25 25 25 25 26 26 26 26 25 25 21 21 21 20 20 23 24 19 14 22 33 38 45 Slowest Speed 240 | 160 160 160 240 240 190 145 130 25 25 25 25 25 95 26 26 26 26 26 98 25 21 21 21 21 24 95 27 22 19 111 33 103 113 Overloaded Moves 201 | . . . . . . . . . . . . . . . . . . . . . . . . . . 23 13 9 24 132 . . . Propulsion Burnouts . | . . . . . . . . . . . . . . . . . . . . . . . . . . . . . . . . . . Robots Hopped 45 | . . . . . . . . . 5 . . . . 3 . . 3 . . . 7 . . . . 9 1 9 . 8 . . . Potential Cave-ins 8 | . . . . . . . 1 . . . . . . . . . . . . 1 . . . . . . . . . 6 . . . Cave-ins Triggered . | . . . . . . . . . . . . . . . . . . . . . . . . . . . . . . . . . . Teleports 3 | . . . . . . . . . . . . . . . . . . . . . . . . . . . . . . 1 . 1 1 Exploration Rate (%) 69 | 4 55 95 78 94 97 83 51 94 43 94 94 84 84 42 82 30 80 66 88 96 26 91 94 61 72 32 82 25 89 88 32 73 58 Regions Visited 33 Branch Regions 21 Pre-discovered Areas 23 | . 1 2 . . 9 3 1 . 3 . . 1 . . . . . . . . . . . 3 . . . . . . . . . Known Exits Taken 23 | . . . 1 . 1 . . . 1 1 1 1 1 . . 1 1 1 1 1 1 1 1 1 1 1 1 1 1 1 1 . . Unknown Exits Taken 6 | 1 1 1 . 1 . 1 . . . . . . . . . . . . . . . . . . . . . . . . . 1 . Scrap Searched 28 | . . 1 . . . 4 . . . 3 4 4 3 . . . 3 1 . 3 . 1 1 . . . . . . . . . . Spaces Dug 660 | . . 14 2 25 . . 85 . 39 3 2 . 14 29 . 31 7 7 . 12 34 15 16 . 5 21 19 18 14 97 35 104 12 Terrain Destroyed 1375 | . 9 14 8 36 . . 90 . 39 3 2 . 57 29 . 32 77 7 1 15 34 15 16 . 5 21 19 36 14 493 38 203 62 Melee 369 | . . . . . . . 48 . 35 3 2 . 14 27 . 26 6 4 . 7 25 12 16 . 5 21 19 18 13 25 19 18 6 Projectile 343 | . . . 2 3 . . 17 . 4 . . . . 2 . 6 3 3 1 8 9 3 . . . . . . 1 130 16 134 1 AOE 663 | . 9 14 6 33 . . 25 . . . . . 43 . . . 68 . . . . . . . . . . 18 . 338 3 51 55 Terrain Rammed . | . . . . . . . . . . . . . . . . . . . . . . . . . . . . . . . . . . Walls Destroyed . | . . . . . . . . . . . . . . . . . . . . . . . . . . . . . . . . . . Machines Disabled . | . . . . . . . . . . . . . . . . . . . . . . . . . . . . . . . . . . Actions | -11 -10 -10 -9 -9 -9 -9 -6 -6 -6 -6 -6 -6 -5 -5 -5 -5 -5 -5 -5 -4 -4 -4 -4 -4 -3 -3 -3 -2 -2 -2 -1 -1 -1 --------- Run | Yrd Mat Min Mat Sto Rec Scr Fac Was Fac Low Low Zio Pro Fac Was Fac Upp Upp War Pro Fac Upp Upp Zhi Pro Res Tes Res Qua Frg Acc Com Ac0 Total 56379 | 76 829 550 1455 954 1326 1623 2409 245 1770 939 955 847 1120 1605 143 1442 792 629 754 1299 1900 1323 1965 225 763 1385 763 1573 1069 17601 1015 4071 964 Wait 6877 | 1 153 16 107 99 443 27 279 . 88 37 111 83 121 45 18 143 66 131 158 217 330 283 698 16 56 352 11 162 14 2017 94 497 4 Move 46248 | 57 561 497 1193 757 875 1559 1837 243 1588 893 830 742 963 1504 125 1235 702 490 558 1068 1492 1021 1248 188 681 968 681 1344 986 14395 849 3277 841 Hop 41 | . . . . . . . . . 5 . . . . 3 . . 3 . . . 7 . . . . 7 1 9 . 6 . . . Pick Up 268 | 6 5 8 26 13 1 9 22 1 1 . . 3 1 5 . 1 1 . 3 2 6 1 1 2 1 5 3 3 11 89 9 23 6 Fast Attach 161 | 7 8 2 8 1 1 3 6 . 1 . . 7 3 4 . 1 . . 7 . 5 . . 7 3 5 5 1 1 48 3 21 3 Attach 158 | . 4 3 9 . . 2 18 . 4 . . . 2 3 . 2 . . 1 . 2 . . 1 1 4 3 1 2 45 2 27 22 Detach 84 | . 3 . 4 1 . 2 4 . 4 . . 5 2 2 . 1 . . 2 . . . . . . 3 2 . 2 25 3 15 4 Swap 455 | . 6 6 28 25 2 3 51 . 10 5 2 2 4 2 . 7 8 1 1 . 7 4 1 3 8 5 9 8 14 181 15 27 10 Drop 300 | . 2 8 13 15 3 15 32 1 3 . 1 4 3 6 . 1 . . 9 2 7 1 1 8 5 9 6 2 8 102 9 20 4 Fire 824 | 5 87 10 64 35 1 . 51 . 4 . . . 1 2 . 5 5 3 1 3 2 1 . . . . 3 2 2 427 11 97 2 Melee 691 | . . . . . . 3 79 . 47 4 10 1 20 29 . 31 7 4 . 7 42 12 16 . 8 27 39 26 29 96 20 66 68 Ram . | . . . . . . . . . . . . . . . . . . . . . . . . . . . . . . . . . . Kick . | . . . . . . . . . . . . . . . . . . . . . . . . . . . . . . . . . . Crush . | . . . . . . . . . . . . . . . . . . . . . . . . . . . . . . . . . . Escape Stasis 240 | . . . . . . . 30 . 15 . . . . . . 15 . . . . . . . . . . . 15 . 165 . . . Rewire 16 | . . . . . . . . . . . . . . . . . . . 14 . . . . . . . . . . 1 . 1 . Trap 3 | . . . 3 . . . . . . . . . . . . . . . . . . . . . . . . . . . . . . Miscellaneous 13 | . . . . 8 . . . . . . 1 . . . . . . . . . . . . . . . . . . 4 . . . Route ------- -11/Scrapyard -10/Materials (discovered 3 exits: *Mat x2 / *Min) -10/Mines (discovered 3 exits: *Mat x2 / [*Exi]) -9/Materials (discovered 3 exits: [*Mat] / *Min / *Sto) -9/Storage (discovered 2 exits: [*Mat] / *Rec) -9/Recycling (discovered 2 exits: [*Fac] / *Scr) -9/Scraptown (discovered 2 exits: *Fac x2) -6/Factory (discovered 6 exits: *Fac x4 / Low x2) -6/Waste -6/Factory (discovered 5 exits: *Fac x3 / *Low x2) -6/Lower Caves (discovered 2 exits: *Low / *Zio) -6/Lower Caves (discovered 2 exits: *Fac / *Zio) -6/Zion -5/Proximity Caves -5/Factory (discovered 4 exits: Fac x3 / Upp) -5/Waste -5/Factory (discovered 2 exits: *Fac / *Upp) -5/Upper Caves -5/Upper Caves (discovered 2 exits: Fac / *War) -5/Warlord -4/Proximity Caves -4/Factory (discovered 4 exits: *Res x2 / *Upp / Arm) -4/Upper Caves -4/Upper Caves (discovered 2 exits: *Res / *Zhi) -4/Zhirov -3/Proximity Caves -3/Research (discovered 4 exits: Res x2 / *Tes x2) -3/Testing -2/Research (discovered 2 exits: Acc / *Qua) -2/Quarantine (discovered 3 exits: *Acc / [*Sec] / *Frg) -2/Protoforge -1/Access -1/Command (discovered 3 exits: [*Sur x2] / [*Ac0]) -1/Access_0 0b11 Command History --------- Turn | Location | Event 35 | -11/Scrapyard | Discovered new exit (range 16) 122 | -11/Scrapyard | Entered Materials 241 | -10/Materials | Core integrity fell below 50% 318 | -10/Materials | Build established: Mutant 359 | -10/Materials | Discovered new exit (range 6) 488 | -10/Materials | Discovered new exit (range 7) 553 | -10/Materials | Discovered new exit (range 3) 612 | -10/Materials | Repaired Lgt. Treads 1448 | -10/Materials | Entered Mines 1492 | -10/Mines | Core integrity fell below 20% 1523 | -10/Mines | Discovered new exit (range 6) 1555 | -10/Mines | Discovered new exit (range 7) 1638 | -10/Mines | Deemed a non-threat by the Exiles lab entrance 1638 | -10/Mines | Discovered new exit (range 5) 1671 | -10/Mines | Found a hidden stash of uninstalled traps 1915 | -10/Mines | Met a Derelict who couldn't figure out how to use a Trap Extractor 2063 | -10/Mines | Learned location of Storage (-9) 2314 | -10/Mines | Entered Materials 2314 | -9/Materials | Evolved 2 slots: Propulsion x1, Utility x1 2735 | -9/Materials | Discovered new exit (range 15) 2910 | -9/Materials | Discovered new exit (range 8) 2940 | -9/Materials | Identified exit to Mines 3016 | -9/Materials | Identified exit to Storage 4128 | -9/Materials | Central database locked down 4152 | -9/Materials | Discovered new exit (range 11) 4375 | -9/Materials | Entered Storage 4511 | -9/Storage | Found Prototype Launcher 4511 | -9/Storage | Identified Scatter Rocket Array 4748 | -9/Storage | Met 01-MTF 4830 | -9/Storage | Discovered new exit (range 15) 5605 | -9/Storage | Discovered new exit (range 5) 5845 | -9/Storage | Assisted by bots powering up and referring to "LRC-V3" 5968 | -9/Storage | Entered Recycling 5968 | -9/Recycling | Accompanied by 10 allies (01-MTF) 6132 | -9/Recycling | Build established: Commander-Mutant 6569 | -9/Recycling | Discovered new exit (range 5) 7409 | -9/Recycling | Identified exit to Scraptown 7543 | -9/Recycling | Learned Storage trap positions 7738 | -9/Recycling | Learned Storage emergency access door positions 7769 | -9/Recycling | Scanned before Scraplab entrance 7824 | -9/Recycling | Entered Scraplab 7838 | -9/Recycling | Lost 4 allies 7909 | -9/Recycling | Entered Scraptown 7909 | -9/Scraptown | Accompanied by 6 allies 8082 | -9/Scraptown | Received an X-ray algorithm 8149 | -9/Scraptown | Visited Symbiants 8170 | -9/Scraptown | Visited Red Mages 8215 | -9/Scraptown | Visited The Evicted 8243 | -9/Scraptown | Visited Spacefarers 8299 | -9/Scraptown | Visited TADAMA 8325 | -9/Scraptown | Visited Cave Peace 8387 | -9/Scraptown | Discovered new exit (range 11) 8713 | -9/Scraptown | Visited UFD Registry 8713 | -9/Scraptown | Registered with UFD as "Zeroboard" 8743 | -9/Scraptown | Visited Cyclists 8752 | -9/Scraptown | Entered Cyclist Reading Room 8867 | -9/Scraptown | Visited A0-MCA Data Center 8887 | -9/Scraptown | Visited Abandonware Association 8902 | -9/Scraptown | Learned abandonware demo "HACKBUD.EXE" 8902 | -9/Scraptown | Learned abandonware demo "KABOOM.EXE" 8936 | -9/Scraptown | Visited LU-1G1's Boring Crew 8953 | -9/Scraptown | Visited Curators Association 8993 | -9/Scraptown | Visited Supply Room 9017 | -9/Scraptown | Visited Junk Repository 9031 | -9/Scraptown | Visited Cartography Club 9051 | -9/Scraptown | Visited Observation Area 9073 | -9/Scraptown | Visited Derelict Rescue Squad 9095 | -9/Scraptown | Visited Junk Repository 9242 | -9/Scraptown | Given a B+ rating by A0-MCA 9244 | -9/Scraptown | Found A0-MCA's Component Scanner 9432 | -9/Scraptown | Discovered new exit (range 3) 9639 | -9/Scraptown | Learned location of Mines (-9) 9639 | -9/Scraptown | Learned location of Cetus (-4) 9639 | -9/Scraptown | Learned location of Testing (-3) 9639 | -9/Scraptown | Learned 20 Factory zone layouts 9639 | -9/Scraptown | Learned 16 Research zone layouts 9639 | -9/Scraptown | Learned 4 Access zone layouts 9639 | -9/Scraptown | Learned 4 Mines zone layouts 9639 | -9/Scraptown | Learned 20 Upper Caves zone layouts 9639 | -9/Scraptown | Learned 24 Upper Caves zone layouts 9639 | -9/Scraptown | Learned location of 3 exits from Factory 9639 | -9/Scraptown | Learned location of 3 exits from Lower Caves 9639 | -9/Scraptown | Learned location of 2 exits from Proximity Caves 9673 | -9/Scraptown | Found Deep Structural Scanner 9793 | -9/Scraptown | Found DRS Beacon 9993 | -9/Scraptown | Met Optimus 9993 | -9/Scraptown | Accepted into 0bPrime 10065 | -9/Scraptown | Entered Factory 10065 | -6/Factory | Accompanied by 6 allies 10065 | -6/Factory | Evolved 6 slots: Propulsion x2, Utility x4 10066 | -6/Factory | Identified exit to Factory 10067 | -6/Factory | Identified exit to Lower Caves 10147 | -6/Factory | Loaded intel: 8 recycling unit locations 10182 | -6/Factory | Lost 6 allies 10460 | -6/Factory | Build established: Scavenger-Mutant 10495 | -6/Factory | Learned location of Protoforge (-2) 10829 | -6/Factory | Build established: Hacker-Mutant 11282 | -6/Factory | Central database locked down 11600 | -6/Factory | Repaired Centrium Light Armor Plating? 12178 | -6/Factory | Manually triggered Chute Trap 12178 | -6/Factory | Sucked down chute 12178 | -6/Factory | Entered Waste 12178 | -6/Waste | The area was eerily silent 12184 | -6/Waste | Build established: Hacker-Sprinter 12200 | -6/Waste | Discovered new exit (range 16) 12233 | -6/Waste | Found Prototype Processor 12241 | -6/Waste | Identified exit to Factory 12241 | -6/Waste | Entered Factory 12304 | -6/Factory | Discovered exit to Factory (range 8) 12351 | -6/Factory | Discovered exit to Factory (range 10) 12355 | -6/Factory | Loaded intel: 8 recycling unit locations 12404 | -6/Factory | Identified Exp. Targeting Computer 12417 | -6/Factory | Learned 4 Upper Caves zone layouts 12526 | -6/Factory | Fabricated Lrn. Sensor Array (x2) 12601 | -6/Factory | Learned 2 Proximity Caves zone layouts 12622 | -6/Factory | Learned location of 1 exit from Cetus 12651 | -6/Factory | Loaded intel: 102 trap records 12688 | -6/Factory | Learned location of Lower Caves (-6) 12735 | -6/Factory | Learned location of 1 exit from Upper Caves 12741 | -6/Factory | Watched by a mysterious "MATRIX" hacker. 12858 | -6/Factory | Scrapoid reinforcements arrived 12895 | -6/Factory | Entered Lower Caves 12895 | -6/Lower Caves | Accompanied by 5 allies 12896 | -6/Lower Caves | Identified exit to Lower Caves 12951 | -6/Lower Caves | Learned Factory terminal intel 13055 | -6/Lower Caves | Learned Factory terminal intel 13080 | -6/Lower Caves | A Derelict revealed a hidden shortcut to a safe place 13173 | -6/Lower Caves | Entered another Lower Caves area 13173 | -6/Lower Caves | Accompanied by 4 allies 13174 | -6/Lower Caves | Identified exit to Zion 13186 | -6/Lower Caves | Activated DRS Beacon 13207 | -6/Lower Caves | Build established: Hacker-Scout 13385 | -6/Lower Caves | Encountered a Warlord checkpoint 13522 | -6/Lower Caves | Entered Zion 13522 | -6/Zion | Accompanied by 4 allies 13533 | -6/Zion | Discovered new exit (range 13) 13555 | -6/Zion | Found CR-A16's Pointy Stick 13561 | -6/Zion | Found Prototype Processor 13561 | -6/Zion | Identified Exp. Terrain Scan Processor 13563 | -6/Zion | Found Prototype Processor 13563 | -6/Zion | Identified Exp. Signal Interpreter 13566 | -6/Zion | Found Prototype Processor 13566 | -6/Zion | Identified Exp. Target Analyzer 13568 | -6/Zion | Found Prototype Processor 13568 | -6/Zion | Identified Exp. Armor Integrity Analyzer 13571 | -6/Zion | Found Prototype Processor 13571 | -6/Zion | Identified Spectral Analyzer 13578 | -6/Zion | Found Prototype Hackware 13598 | -6/Zion | Acquired unknown access codes intercepted by a Zionite 13617 | -6/Zion | Received a visual enhancement algorithm 13649 | -6/Zion | Learned location of Quarantine (-2) 13663 | -6/Zion | Turned away by Imprinter 13699 | -6/Zion | Gained Derelict followers 13723 | -6/Zion | Found Faulty Spectral Analyzer 13733 | -6/Zion | Identified exit to Proximity Caves 13814 | -6/Zion | Entered Proximity Caves 13814 | -5/Proximity Caves | Accompanied by 7 allies 14194 | -5/Proximity Caves | Lost 4 allies 14234 | -5/Proximity Caves | Learned location of 1 exit from Upper Caves 14247 | -5/Proximity Caves | Entered Factory 14247 | -5/Factory | Accompanied by 1 ally 14247 | -5/Factory | Evolved 2 slots: Propulsion x1, Utility x1 14248 | -5/Factory | Identified exit to Upper Caves 14249 | -5/Factory | Loaded intel: 26 terminal locations 14273 | -5/Factory | Loaded intel: 8 recycling unit locations 14348 | -5/Factory | Discovered new exit (range 14) 14399 | -5/Factory | Repaired Imp. VTOL Module? 14515 | -5/Factory | Identified Exp. Hacking Suite 14567 | -5/Factory | Learned Extension emergency access door positions 14580 | -5/Factory | Allied Derelicts emerged from ambush trap array 14636 | -5/Factory | Identified exit to Factory 14697 | -5/Factory | Learned Armory trap positions 14748 | -5/Factory | Learned 12 Research zone layouts 14784 | -5/Factory | Manually triggered Chute Trap 14784 | -5/Factory | Sucked down chute 14784 | -5/Factory | Entered Waste 14788 | -5/Waste | Spotted C-40 Crusher 14791 | -5/Waste | Spotted C-40 Crusher 14797 | -5/Waste | Spotted C-40 Crusher 14798 | -5/Waste | Spotted C-40 Crusher 14799 | -5/Waste | 1 allies followed down the chute 14799 | -5/Waste | EMP discharged 14799 | -5/Waste | System corruption reached 10% 14803 | -5/Waste | Spotted C-40 Crusher 14804 | -5/Waste | Spotted C-40 Crusher 14806 | -5/Waste | Discovered new exit (range 10) 14808 | -5/Waste | Identified exit to Factory 14835 | -5/Waste | Entered Factory 14836 | -5/Factory | Loaded intel: 26 terminal locations 15094 | -5/Factory | Loaded intel: 8 recycling unit locations 15309 | -5/Factory | Discovered exit to Factory (range 8) 15386 | -5/Factory | Discovered exit to Upper Caves (range 11) 15433 | -5/Factory | Entered Upper Caves 15434 | -5/Upper Caves | Identified exit to Upper Caves 15499 | -5/Upper Caves | Spotted B-75 Beast 15704 | -5/Upper Caves | Found Alien Artifact 15731 | -5/Upper Caves | Entered another Upper Caves area 15732 | -5/Upper Caves | Identified exit to Warlord 15879 | -5/Upper Caves | Encountered a Warlord checkpoint 16009 | -5/Upper Caves | Entered Warlord 16098 | -5/Warlord | Rebuked by Warlord 16110 | -5/Warlord | Visited the Vortex Lab 16110 | -5/Warlord | Found Prototype Energy Gun 16110 | -5/Warlord | Identified Vortex Rail 16113 | -5/Warlord | Found Prototype Energy Cannon 16113 | -5/Warlord | Identified Vortex Cannon 16118 | -5/Warlord | Found Vortex Rail 16121 | -5/Warlord | Found Vortex Cannon 16123 | -5/Warlord | Warlord's base attacked by MAIN.C 16151 | -5/Warlord | Found Prototype Hackware 16283 | -5/Warlord | Opened side exit 16324 | -5/Warlord | Discovered new exit (range 9) 16326 | -5/Warlord | Identified exit to Proximity Caves 16349 | -5/Warlord | Entered Proximity Caves 16349 | -4/Proximity Caves | Accompanied by 5 allies 16370 | -4/Proximity Caves | Attracted the attention of an 0b10 checkpoint 16401 | -4/Proximity Caves | Build established: Commander-Scout 16463 | -4/Proximity Caves | Learned location of 1 exit from Research 16470 | -4/Proximity Caves | Learned Research terminal intel 16786 | -4/Proximity Caves | Build established: Hacker-Scout 16813 | -4/Proximity Caves | Spotted B-86 Titan 16857 | -4/Proximity Caves | Lost 3 allies 16864 | -4/Proximity Caves | Entered Factory 16864 | -4/Factory | Accompanied by 1 ally 16864 | -4/Factory | Evolved 2 slots: Power x1, Propulsion x1 16865 | -4/Factory | Identified exit to Armory 16895 | -4/Factory | Identified System Mapper 16895 | -4/Factory | Identified Dimensional Node Initializer 16934 | -4/Factory | Found Quantum Capacitor 17080 | -4/Factory | Loaded intel: 8 recycling unit locations 17095 | -4/Factory | Discovered new exit (range 14) 17099 | -4/Factory | Identified exit to Research 17154 | -4/Factory | Discovered new exit (range 13) 17173 | -4/Factory | Identified exit to Upper Caves 17179 | -4/Factory | Found Exp. Hacking Suite 17220 | -4/Factory | Discovered exit to Research (range 13) 17364 | -4/Factory | Search patrols dispatched 17517 | -4/Factory | Repaired Mic. Fission Core+? 17633 | -4/Factory | Repaired Centrium Light Armor Plating 17659 | -4/Factory | Scrapoid reinforcements arrived 17670 | -4/Factory | Entered Upper Caves 17670 | -4/Upper Caves | Accompanied by 5 allies 17671 | -4/Upper Caves | Identified exit to Upper Caves 17675 | -4/Upper Caves | Learned Research non-interactive machine intel 17911 | -4/Upper Caves | Learned Research emergency access door positions 18213 | -4/Upper Caves | Entered another Upper Caves area 18213 | -4/Upper Caves | Accompanied by 3 allies 18219 | -4/Upper Caves | Discovered exit to Research (range 11) 18453 | -4/Upper Caves | Learned Research emergency access door positions 18696 | -4/Upper Caves | Discovered new exit (range 19) 19224 | -4/Upper Caves | Identified exit to Zhirov 19225 | -4/Upper Caves | Entered Zhirov 19225 | -4/Zhirov | Accompanied by 2 allies 19226 | -4/Zhirov | Discovered new exit (range 3) 19230 | -4/Zhirov | Met Zhirov 19235 | -4/Zhirov | Zhirov requested help retrieving the SGEMP Prototype 19239 | -4/Zhirov | Found Alien Artifact 19239 | -4/Zhirov | Identified Integrated Reactor 19239 | -4/Zhirov | Installed Integrated Reactor, increased core energy generation (+10) 19263 | -4/Zhirov | Found Alien Artifact 19302 | -4/Zhirov | Identified exit to Proximity Caves 19302 | -4/Zhirov | Entered Proximity Caves 19302 | -3/Proximity Caves | Accompanied by 2 allies 19500 | -3/Proximity Caves | Discovered exit to Research (range 8) 19539 | -3/Proximity Caves | Entered Research 19539 | -3/Research | Accompanied by 1 ally 19539 | -3/Research | Evolved 2 slots: Utility x2 19540 | -3/Research | Identified exit to Testing 19542 | -3/Research | Identified exit to Research 19544 | -3/Research | Loaded intel: 77 non-interactive machine locations 19545 | -3/Research | Loaded intel: 24 terminal locations 19658 | -3/Research | Fabricated Spectral Analyzer (x1) 19744 | -3/Research | Repaired Nuclear Pulse Array+ 20174 | -3/Research | Loaded intel: 4 recycling unit locations 20198 | -3/Research | Declared boring by mysterious "MATRIX" hacker. 20228 | -3/Research | Entered Testing 20251 | -3/Testing | Found 2N-1CE's Frost Array 20326 | -3/Testing | Unchained authorized (1B-0RG) 20522 | -3/Testing | Spotted Superbehemoth 20530 | -3/Testing | Discovered exit to Research (range 16) 20540 | -3/Testing | Found Imp. Potential Cannon 20546 | -3/Testing | Entered Research 20546 | -2/Research | Evolved 2 slots: Propulsion x1, Utility x1 20547 | -2/Research | Identified exit to Access 20687 | -2/Research | Fabricated Imp. Q-thruster? 20700 | -2/Research | Spotted B-90 Cyclops 20701 | -2/Research | Loaded intel: 5 recycling unit locations 20956 | -2/Research | Unchained authorized (1B-0RG) 21071 | -2/Research | Discovered new exit (range 23) 21075 | -2/Research | Identified exit to Quarantine 21077 | -2/Research | Entered Quarantine 21078 | -2/Quarantine | Spotted Alpha 7 21084 | -2/Quarantine | Found Alien Artifact 21091 | -2/Quarantine | Discovered exit to Access (range 18) 21097 | -2/Quarantine | Found Ragnarok Missile Launcher 21114 | -2/Quarantine | Cryocooling Duct disabled 21129 | -2/Quarantine | Ambient heat levels rising (+20) 21129 | -2/Quarantine | Non-combat units ordered to evacuate 21280 | -2/Quarantine | Found Alien Artifact 21296 | -2/Quarantine | Unchained authorized (1B-0RG) 21315 | -2/Quarantine | Found Alien Slashing Weapon 21315 | -2/Quarantine | Identified Sigix Broadsword 21327 | -2/Quarantine | Search patrols dispatched 21335 | -2/Quarantine | Spotted Fortress 21344 | -2/Quarantine | Discovered new exit (range 6) 21344 | -2/Quarantine | Discovered new exit (range 6) 21345 | -2/Quarantine | Identified exit to Protoforge 21348 | -2/Quarantine | Entered Protoforge 21398 | -2/Protoforge | Repaired Cld. Nuclear Pulse Thruster 21441 | -2/Protoforge | Identified Transdimensional Reconstructor (x2) 21443 | -2/Protoforge | Spotted Hotshot 21508 | -2/Protoforge | Spotted Hotshot 21509 | -2/Protoforge | Spotted Hotshot 21655 | -2/Protoforge | Identified Subatomic Replicator 21679 | -2/Protoforge | Spotted Hotshot 21769 | -2/Protoforge | Build established: Hacker-Ninja 22062 | -2/Protoforge | Spotted AP7-3 22134 | -2/Protoforge | Superfortress began startup sequence 22217 | -2/Protoforge | Repaired Centrium Light Armor Plating 22385 | -2/Protoforge | Found Cep. Core Shell 22506 | -2/Protoforge | Spotted EXE-6 22506 | -2/Protoforge | Spotted EXE-6 22556 | -2/Protoforge | UFD initiated attack on Protoforge (Readiness: Maximal) 22556 | -2/Protoforge | Loaded intel: 3 recycling unit locations 22556 | -2/Protoforge | Used Subatomic Replicator to create Alien Artifact 22572 | -2/Protoforge | Found Exp. Core Analyzer 22584 | -2/Protoforge | Spotted Decapitator 22594 | -2/Protoforge | Optimus greeted in Protoforge 22605 | -2/Protoforge | Spotted Decapitator 22608 | -2/Protoforge | Spotted EXE-6 22609 | -2/Protoforge | Spotted EXE-6 22659 | -2/Protoforge | Lost 5 allies 22662 | -2/Protoforge | Found Dimensional Node Initializer 22666 | -2/Protoforge | Found Dimensional Node Initializer 22670 | -2/Protoforge | Found Dimensional Node Initializer 22672 | -2/Protoforge | Initialized slip node 22687 | -2/Protoforge | Identified Supercharged TR 22687 | -2/Protoforge | Warped through subspace to slip node 22688 | -2/Protoforge | Met 7R-MNS 22689 | -2/Protoforge | Spotted Decapitator 22696 | -2/Protoforge | Spotted Executioner 22697 | -2/Protoforge | P-80 Master assimilated allied 02F01-K 22701 | -2/Protoforge | Spotted 02F01-K 22701 | -2/Protoforge | Spotted Executioner 22707 | -2/Protoforge | Spotted Decapitator 22713 | -2/Protoforge | Spotted Hotshot 22715 | -2/Protoforge | P-80 Master assimilated allied 02F46-D 22720 | -2/Protoforge | Spotted Immortal 22733 | -2/Protoforge | Spotted Hotshot 22737 | -2/Protoforge | Lost 3 parts (1n1u1w) 22737 | -2/Protoforge | Spotted Immortal 22740 | -2/Protoforge | Spotted Hotshot 22779 | -2/Protoforge | Lost 21 allies 22782 | -2/Protoforge | Spotted Striker 22784 | -2/Protoforge | Spotted Striker 22792 | -2/Protoforge | Found Cep. XC Strikerail 22815 | -2/Protoforge | Destroyed 10 combat bots 22821 | -2/Protoforge | Spotted Striker 22835 | -2/Protoforge | Forge Plexus network access discovered 22851 | -2/Protoforge | Spotted Striker 22854 | -2/Protoforge | Lost 7 allies 22854 | -2/Protoforge | Spotted Striker 22899 | -2/Protoforge | Destroyed Striker 22901 | -2/Protoforge | Spotted AP7-3 22910 | -2/Protoforge | Destroyed AP7-3 22923 | -2/Protoforge | Spotted Executioner 22923 | -2/Protoforge | Spotted Striker 22937 | -2/Protoforge | Build established: Scavenger-Sprinter 22939 | -2/Protoforge | Lost 4 allies 22948 | -2/Protoforge | Spotted Striker 22948 | -2/Protoforge | Spotted Executioner 22996 | -2/Protoforge | Spotted Striker 22999 | -2/Protoforge | Spotted Striker 23005 | -2/Protoforge | Destroyed Striker 23011 | -2/Protoforge | Spotted Striker 23015 | -2/Protoforge | Spotted Striker 23018 | -2/Protoforge | Lost 5 allies 23069 | -2/Protoforge | Spotted Executioner 23072 | -2/Protoforge | Spotted Striker 23132 | -2/Protoforge | Spotted Overlord 23132 | -2/Protoforge | Spotted Executioner 23164 | -2/Protoforge | Found Exp. Active Sensor Suite 23169 | -2/Protoforge | Spotted Striker 23170 | -2/Protoforge | Spotted Striker 23182 | -2/Protoforge | Lost 4 allies 23186 | -2/Protoforge | Destroyed Striker 23194 | -2/Protoforge | Spotted Executioner 23233 | -2/Protoforge | Spotted Striker 23235 | -2/Protoforge | Spotted Striker 23242 | -2/Protoforge | P-80 Master assimilated allied 02FAB-D 23271 | -2/Protoforge | Destroyed 9 combat bots 23310 | -2/Protoforge | Spotted Executioner 23326 | -2/Protoforge | Lost 4 allies 23336 | -2/Protoforge | Spotted Striker 23338 | -2/Protoforge | Destroyed Striker 23344 | -2/Protoforge | Destroyed Executioner 23407 | -2/Protoforge | Spotted Executioner 23462 | -2/Protoforge | Spotted Executioner 23472 | -2/Protoforge | Found Cep. Helical Railcannon 23474 | -2/Protoforge | Spotted V847-c 23474 | -2/Protoforge | Found Cep. Plasma Driver 23496 | -2/Protoforge | Found Crosscalibrator 23509 | -2/Protoforge | Spotted Striker 23512 | -2/Protoforge | Spotted Striker 23520 | -2/Protoforge | Spotted Executioner 23521 | -2/Protoforge | Destroyed Executioner 23523 | -2/Protoforge | Destroyed Striker 23523 | -2/Protoforge | Destroyed Executioner 23545 | -2/Protoforge | Found Cep. Core Shell 23570 | -2/Protoforge | Spotted Executioner 23577 | -2/Protoforge | Spotted Executioner 23586 | -2/Protoforge | Destroyed Executioner 23600 | -2/Protoforge | Central database locked down 23638 | -2/Protoforge | Spotted Striker 23669 | -2/Protoforge | Spotted Executioner 23669 | -2/Protoforge | Spotted Executioner 23697 | -2/Protoforge | UFD reported confirmed Drillbomb installation 23702 | -2/Protoforge | Spotted Executioner 23704 | -2/Protoforge | Spotted Striker 23825 | -2/Protoforge | Spotted Decapitator 23825 | -2/Protoforge | Spotted Decapitator 23825 | -2/Protoforge | Spotted Decapitator 23825 | -2/Protoforge | Spotted Decapitator 23829 | -2/Protoforge | Destroyed Decapitator 23833 | -2/Protoforge | Destroyed Decapitator 23837 | -2/Protoforge | Destroyed Decapitator 23943 | -2/Protoforge | Found Exp. Kinecellerator 23954 | -2/Protoforge | Spotted Immortal 23954 | -2/Protoforge | Spotted Immortal 23989 | -2/Protoforge | UFD reported confirmed Drillbomb installation 23998 | -2/Protoforge | Destroyed Immortal 24010 | -2/Protoforge | Destroyed Immortal 24045 | -2/Protoforge | Found Cep. Chromion Battery 24047 | -2/Protoforge | Found Cep. Antigrav Storage Unit 24091 | -2/Protoforge | Found Cep. Combat Aerolev Unit 24102 | -2/Protoforge | Found Faulty Cep. Gyrokinetic System 24105 | -2/Protoforge | Found Faulty Cep. Combat Aerolev Unit 24118 | -2/Protoforge | Found Faulty Cep. Combat Aerolev Unit 24139 | -2/Protoforge | Found Faulty Cep. Gyrokinetic System 24169 | -2/Protoforge | Spotted V500-o 24221 | -2/Protoforge | Spotted Immortal 24221 | -2/Protoforge | Spotted Immortal 24272 | -2/Protoforge | Destroyed Immortal 24291 | -2/Protoforge | Destroyed Immortal 24293 | -2/Protoforge | Spotted Decapitator 24293 | -2/Protoforge | Spotted Decapitator 24293 | -2/Protoforge | Spotted Decapitator 24308 | -2/Protoforge | Found Cep. Zero-point Core 24311 | -2/Protoforge | Found Cep. Zero-point Core 24338 | -2/Protoforge | UFD reported confirmed Drillbomb installation 24343 | -2/Protoforge | Destroyed Decapitator 24343 | -2/Protoforge | Destroyed Decapitator 24343 | -2/Protoforge | Destroyed Decapitator 24352 | -2/Protoforge | Found Cep. Core Shell 24360 | -2/Protoforge | Found Cep. Zero-point Core 24438 | -2/Protoforge | Found Faulty Cep. RG22 Armor 24451 | -2/Protoforge | Found Faulty Cep. RG22 Armor 24452 | -2/Protoforge | Found Cep. Core Shell 24525 | -2/Protoforge | UFD reported confirmed Drillbomb installation 24585 | -2/Protoforge | Found Cep. Weapon Articulator 24665 | -2/Protoforge | Spotted AP7-3 24683 | -2/Protoforge | UFD reported confirmed Drillbomb installation 24720 | -2/Protoforge | Found Cep. Heavy Railcannon 24741 | -2/Protoforge | Build established: Hacker-Sprinter 24781 | -2/Protoforge | Spotted AP7-3 24807 | -2/Protoforge | Destroyed AP7-3 24879 | -2/Protoforge | System corruption reached 10% 24893 | -2/Protoforge | Destroyed AP7-3 24939 | -2/Protoforge | Found Cep. Impact Drone Bay 24943 | -2/Protoforge | Found Cep. Blasthammer 24945 | -2/Protoforge | Found Faulty Cep. Blasthammer 24949 | -2/Protoforge | Found Cep. Core Analysis Suite 24951 | -2/Protoforge | Found Faulty Cep. Cloak Mesh 24954 | -2/Protoforge | Found Faulty Cep. Core Analysis Suite 24963 | -2/Protoforge | Found Cep. Impact Drone Bay 25018 | -2/Protoforge | Found Faulty Cep. Cloak Mesh 25025 | -2/Protoforge | Found Cep. Thermoelectric Network 25044 | -2/Protoforge | Found Cep. Networked Targeting System 25096 | -2/Protoforge | Spotted V875-n 25096 | -2/Protoforge | Spotted V908-q 25097 | -2/Protoforge | Spotted V820-r 25107 | -2/Protoforge | Found Cep. Lightning Penetrator 25220 | -2/Protoforge | Found Faulty Cep. Plasma Driver 25303 | -2/Protoforge | Found Exp. Remote Shield 25307 | -2/Protoforge | Found Exp. Force Field 25445 | -2/Protoforge | Found Exp. Jetlance 25491 | -2/Protoforge | Spotted Executioner 25537 | -2/Protoforge | Destroyed V908-q 25548 | -2/Protoforge | Destroyed Executioner 25555 | -2/Protoforge | Destroyed V820-r 25561 | -2/Protoforge | Found Cep. Combat Aerolev Unit 25563 | -2/Protoforge | Found Cep. Combat Aerolev Unit 25567 | -2/Protoforge | Found Cep. Combat Aerolev Unit 25571 | -2/Protoforge | Spotted Executioner 25581 | -2/Protoforge | Spotted Striker 25600 | -2/Protoforge | Spotted Executioner 25606 | -2/Protoforge | Destroyed V847-c 25610 | -2/Protoforge | Spotted Executioner 25622 | -2/Protoforge | Spotted Executioner 25623 | -2/Protoforge | Spotted Striker 25629 | -2/Protoforge | Spotted Executioner 25629 | -2/Protoforge | Spotted Executioner 25637 | -2/Protoforge | Lost 8 allies 25657 | -2/Protoforge | Spotted Striker 25658 | -2/Protoforge | Spotted Striker 25689 | -2/Protoforge | Destroyed Striker 25736 | -2/Protoforge | Spotted Striker 25737 | -2/Protoforge | Spotted Striker 25744 | -2/Protoforge | Destroyed Striker 25753 | -2/Protoforge | Lost 8 allies 25795 | -2/Protoforge | Spotted Executioner 25795 | -2/Protoforge | Spotted Executioner 25806 | -2/Protoforge | Spotted Executioner 25806 | -2/Protoforge | P-80 Master assimilated allied 02FJQ-D 25819 | -2/Protoforge | Spotted Striker 25819 | -2/Protoforge | Spotted Executioner 25838 | -2/Protoforge | Lost 7 allies 25849 | -2/Protoforge | Destroyed Striker 25877 | -2/Protoforge | Spotted Striker 25915 | -2/Protoforge | Spotted Striker 25915 | -2/Protoforge | Spotted Executioner 25956 | -2/Protoforge | Destroyed Executioner 26045 | -2/Protoforge | Spotted Executioner 26062 | -2/Protoforge | Spotted Executioner 26080 | -2/Protoforge | Spotted Executioner 26080 | -2/Protoforge | Spotted Striker 26093 | -2/Protoforge | Destroyed Striker 26121 | -2/Protoforge | Lost 5 allies 26142 | -2/Protoforge | Found Cep. Deflector Sword 26200 | -2/Protoforge | Found Faulty Femtoactuators 26204 | -2/Protoforge | Found Cep. Melee Reflex Suite 26258 | -2/Protoforge | Found Faulty Cep. Plasma Driver 26311 | -2/Protoforge | Spotted Executioner 26315 | -2/Protoforge | Spotted Executioner 26368 | -2/Protoforge | Destroyed Executioner 26398 | -2/Protoforge | Spotted Executioner 26399 | -2/Protoforge | Spotted Executioner 26504 | -2/Protoforge | Spotted Executioner 26519 | -2/Protoforge | Spotted Executioner 26524 | -2/Protoforge | Destroyed Executioner 26524 | -2/Protoforge | Destroyed Executioner 26525 | -2/Protoforge | UFD reported confirmed Drillbomb installation 26563 | -2/Protoforge | UFD reported confirmed Drillbomb installation 26565 | -2/Protoforge | Destroyed 7 combat bots 26606 | -2/Protoforge | Spotted Striker 26609 | -2/Protoforge | Spotted Executioner 26703 | -2/Protoforge | Lost 7 allies 26715 | -2/Protoforge | Spotted Executioner 26722 | -2/Protoforge | Spotted Executioner 26727 | -2/Protoforge | Spotted Striker 26730 | -2/Protoforge | Spotted Executioner 26743 | -2/Protoforge | Destroyed Executioner 26754 | -2/Protoforge | Destroyed Hotshot 26754 | -2/Protoforge | Destroyed Hotshot 26760 | -2/Protoforge | Destroyed Executioner 26781 | -2/Protoforge | Destroyed 9 combat bots 26787 | -2/Protoforge | Lost 4 allies 26814 | -2/Protoforge | Spotted Striker 26814 | -2/Protoforge | Spotted Striker 26826 | -2/Protoforge | Spotted Executioner 26826 | -2/Protoforge | Spotted Executioner 26828 | -2/Protoforge | Destroyed Executioner 26834 | -2/Protoforge | Spotted Striker 26839 | -2/Protoforge | Spotted Striker 26842 | -2/Protoforge | Destroyed Striker 26843 | -2/Protoforge | P-80 Master assimilated allied 02FNT-D 26845 | -2/Protoforge | P-80 Master assimilated allied ZS-S4A(j) 26847 | -2/Protoforge | Destroyed Striker 26854 | -2/Protoforge | Destroyed Executioner 26875 | -2/Protoforge | Destroyed 17 combat bots 26876 | -2/Protoforge | Lost 3 allies 26911 | -2/Protoforge | Spotted Striker 26912 | -2/Protoforge | Destroyed Striker 26912 | -2/Protoforge | Spotted Striker 26918 | -2/Protoforge | Destroyed Striker 26924 | -2/Protoforge | Spotted Striker 26937 | -2/Protoforge | Discovered exit to Access (range 19) 26939 | -2/Protoforge | Spotted Executioner 26942 | -2/Protoforge | Spotted Executioner 26953 | -2/Protoforge | Destroyed Executioner 26963 | -2/Protoforge | Spotted Striker 26968 | -2/Protoforge | Destroyed Striker 26981 | -2/Protoforge | P-80 Master assimilated allied 02FNU-D 27002 | -2/Protoforge | Destroyed 8 combat bots 27024 | -2/Protoforge | Spotted Striker 27031 | -2/Protoforge | Spotted Executioner 27050 | -2/Protoforge | Destroyed Striker 27057 | -2/Protoforge | Destroyed Executioner 27061 | -2/Protoforge | Spotted Executioner 27063 | -2/Protoforge | Destroyed Executioner 27065 | -2/Protoforge | Spotted Executioner 27073 | -2/Protoforge | Destroyed Executioner 27094 | -2/Protoforge | Destroyed 10 combat bots 27096 | -2/Protoforge | Lost 7 allies 27123 | -2/Protoforge | Spotted Striker 27127 | -2/Protoforge | Spotted Striker 27130 | -2/Protoforge | Spotted Striker 27131 | -2/Protoforge | Spotted Executioner 27142 | -2/Protoforge | Destroyed Striker 27163 | -2/Protoforge | Spotted Executioner 27163 | -2/Protoforge | Spotted Striker 27218 | -2/Protoforge | Lost 10 allies 27251 | -2/Protoforge | Spotted Executioner 27253 | -2/Protoforge | Spotted Executioner 27258 | -2/Protoforge | Destroyed Executioner 27261 | -2/Protoforge | Spotted Striker 27267 | -2/Protoforge | Spotted Executioner 27271 | -2/Protoforge | Spotted Executioner 27275 | -2/Protoforge | Spotted Striker 27283 | -2/Protoforge | Destroyed Executioner 27292 | -2/Protoforge | Destroyed Striker 27317 | -2/Protoforge | Lost 6 allies 27322 | -2/Protoforge | Spotted Striker 27322 | -2/Protoforge | Spotted Executioner 27333 | -2/Protoforge | Spotted Executioner 27342 | -2/Protoforge | Destroyed Executioner 27349 | -2/Protoforge | Spotted Executioner 27353 | -2/Protoforge | P-80 Master assimilated allied Lugger 519 27354 | -2/Protoforge | Spotted Executioner 27363 | -2/Protoforge | Destroyed 11 combat bots 27385 | -2/Protoforge | Lost 7 allies 27406 | -2/Protoforge | Spotted Striker 27406 | -2/Protoforge | Spotted Striker 27411 | -2/Protoforge | Spotted Striker 27413 | -2/Protoforge | Spotted Striker 27426 | -2/Protoforge | Destroyed Striker 27429 | -2/Protoforge | Destroyed Striker 27450 | -2/Protoforge | Spotted Executioner 27465 | -2/Protoforge | Spotted Executioner 27465 | -2/Protoforge | Destroyed Executioner 27495 | -2/Protoforge | Lost 7 allies 27522 | -2/Protoforge | Spotted Executioner 27522 | -2/Protoforge | Spotted Executioner 27524 | -2/Protoforge | Spotted Executioner 27527 | -2/Protoforge | Destroyed Executioner 27529 | -2/Protoforge | Destroyed Executioner 27531 | -2/Protoforge | Spotted Executioner 27541 | -2/Protoforge | Spotted Striker 27552 | -2/Protoforge | Destroyed 9 combat bots 27560 | -2/Protoforge | Lost 4 allies 27608 | -2/Protoforge | Spotted Decapitator 27608 | -2/Protoforge | Spotted Decapitator 27608 | -2/Protoforge | Spotted V876-p 27608 | -2/Protoforge | Spotted V374-k 27608 | -2/Protoforge | Spotted Decapitator 27612 | -2/Protoforge | Destroyed Decapitator 27615 | -2/Protoforge | Destroyed Decapitator 27618 | -2/Protoforge | Destroyed Decapitator 27640 | -2/Protoforge | Found Cep. Arcsight Missile Launcher 27718 | -2/Protoforge | Spotted Striker 27754 | -2/Protoforge | Spotted Executioner 27755 | -2/Protoforge | Spotted Executioner 27810 | -2/Protoforge | Spotted Striker 27810 | -2/Protoforge | Spotted Striker 27811 | -2/Protoforge | Spotted Striker 27812 | -2/Protoforge | Spotted Striker 27815 | -2/Protoforge | Destroyed Striker 27815 | -2/Protoforge | Destroyed Striker 27815 | -2/Protoforge | Destroyed Striker 27816 | -2/Protoforge | Lost 3 allies 27818 | -2/Protoforge | Destroyed Striker 27844 | -2/Protoforge | Spotted Executioner 27855 | -2/Protoforge | Destroyed 12 combat bots 27896 | -2/Protoforge | UFD reported confirmed Drillbomb installation 27931 | -2/Protoforge | Spotted Executioner 27931 | -2/Protoforge | Spotted Executioner 27940 | -2/Protoforge | Core integrity fell below 50% 27982 | -2/Protoforge | Lost 3 allies 28006 | -2/Protoforge | Spotted Executioner 28006 | -2/Protoforge | Spotted Executioner 28006 | -2/Protoforge | Spotted Executioner 28006 | -2/Protoforge | Spotted Executioner 28113 | -2/Protoforge | Found Cep. Combat Aerolev Unit 28114 | -2/Protoforge | Found Cep. Combat Aerolev Unit 28212 | -2/Protoforge | Spotted 02F76-K 28267 | -2/Protoforge | Spotted Executioner 28304 | -2/Protoforge | Installed UFD Drillbomb at designated target 28304 | -2/Protoforge | UFD reported confirmed Drillbomb installation 28306 | -2/Protoforge | Spotted Executioner 28306 | -2/Protoforge | Spotted Striker 28306 | -2/Protoforge | Spotted Executioner 28306 | -2/Protoforge | Spotted Striker 28382 | -2/Protoforge | Destroyed Executioner 28452 | -2/Protoforge | Spotted Executioner 28452 | -2/Protoforge | Spotted Striker 28456 | -2/Protoforge | Destroyed Executioner 28530 | -2/Protoforge | Spotted Executioner 28530 | -2/Protoforge | Spotted Striker 28532 | -2/Protoforge | Spotted Striker 28540 | -2/Protoforge | Destroyed Executioner 28576 | -2/Protoforge | Destroyed 9 combat bots 28578 | -2/Protoforge | Lost 4 allies 28606 | -2/Protoforge | UFD reported confirmed Drillbomb installation 28607 | -2/Protoforge | UFD began Drillbomb countdown 28611 | -2/Protoforge | Spotted Executioner 28611 | -2/Protoforge | Spotted Executioner 28612 | -2/Protoforge | Spotted Executioner 28612 | -2/Protoforge | Spotted Executioner 28614 | -2/Protoforge | Entered Access 28614 | -1/Access | Evolved 2 slots: Power x1, Utility x1 28639 | -1/Access | Build established: Scavenger-Sprinter 28668 | -1/Access | Identified exit to Command 28673 | -1/Access | Spotted B-99 Colossus 28709 | -1/Access | Found Quantum Capacitor 28981 | -1/Access | Spotted B-99 Colossus 28982 | -1/Access | Local machine network offline 29105 | -1/Access | Entered Command 29289 | -1/Command | Build established: Scavenger-Ninja 29355 | -1/Command | First assault squad dispatched 29615 | -1/Command | Phase Generator disabled 29622 | -1/Command | Spotted Executioner 29622 | -1/Command | Spotted Executioner 29695 | -1/Command | Spotted M Guard 29695 | -1/Command | Spotted Combat Programmer 29697 | -1/Command | Spotted M Guard 29697 | -1/Command | Spotted Combat Programmer 29739 | -1/Command | Destroyed Combat Programmer 29739 | -1/Command | High security lockdown imminent 29742 | -1/Command | Destroyed Combat Programmer 29788 | -1/Command | Met MAIN.C 29802 | -1/Command | 0b10 Conduit disabled 29819 | -1/Command | High security lockdown engaged 29825 | -1/Command | MAIN.C activated Command garrisons 29828 | -1/Command | Allies destroyed MAIN.C Shell 29854 | -1/Command | Lost 5 parts (1n3u1w) 29875 | -1/Command | Allies destroyed M Guard 29882 | -1/Command | Discovered new exit (range 44) 29882 | -1/Command | Discovered new exit (range 76) 29882 | -1/Command | Extracted map data and part IDs from MAIN.C's data core 29906 | -1/Command | System corruption reached 10% 29918 | -1/Command | Lost 9 allies 29925 | -1/Command | Spotted B-99 Colossus 29926 | -1/Command | Found Corrupted Zero-point Reactor 29956 | -1/Command | Destroyed M Guard 29956 | -1/Command | All MAIN.C guards destroyed 29986 | -1/Command | Lost 11 parts (4p4n2u1w) 30059 | -1/Command | Spotted Striker 30064 | -1/Command | Spotted Striker 30075 | -1/Command | Build established: Hacker-Gladiator 30577 | -1/Command | Found Exp. System Purifier 30579 | -1/Command | Found Femtoactuators 30582 | -1/Command | Found Zero-point Reactor 30584 | -1/Command | Found Zero-point Reactor 30586 | -1/Command | Found Exp. EM Shield 30626 | -1/Command | Found Fusion Bomb Launcher 30867 | -1/Command | Build established: Scavenger-Mutant 31193 | -1/Command | Found Exp. Core Analyzer 31308 | -1/Command | Build established: Scavenger-Gladiator 31328 | -1/Command | Warped through subspace to slip node 31328 | -1/Command | Discovered new exit (range 4) 31332 | -1/Command | Entered Access_0 31333 | -1/Access_0 | Met Architect 31347 | -1/Access_0 | Destroyed A8 31376 | -1/Access_0 | Architect warped through subspace 31394 | -1/Access_0 | Lost 4 parts (1n3u) 31419 | -1/Access_0 | Architect warped through subspace 31485 | -1/Access_0 | Subspace Access Node disabled 31524 | -1/Access_0 | A6 warped into view 31576 | -1/Access_0 | A5 warped into view 31610 | -1/Access_0 | Architect warped through subspace 31659 | -1/Access_0 | Subspace Access Node disabled 31671 | -1/Access_0 | Destroyed A6 31677 | -1/Access_0 | Core integrity fell below 50% 31697 | -1/Access_0 | Found Hpw. Transdimensional Reconstructor 31714 | -1/Access_0 | A4 warped into view 31741 | -1/Access_0 | Subspace Access Node disabled 31759 | -1/Access_0 | Subspace Access Node disabled 31790 | -1/Access_0 | Lost 10 parts (3p2n4u1w) 31858 | -1/Access_0 | Core integrity fell below 20% 31872 | -1/Access_0 | Warped through subspace to slip node 31872 | -1/Access_0 | Discovered new exit (range 8) 31875 | *** | Establishing 0b11! Last Messages --------------- 31863_ Architect regenerates Exp. Core Analyzer. 31863_ Destroyed Adv. Phase Shifter. 31863_ A4 system corrupted by crushing effect. 31863_ Slug penetrates Wall. 31864_ Penetrated by Quantum Shear. 31867_ Destroyed Quantum Shading Machine. 31867_ A4 system corrupted by crushing effect. 31867_ Architect knocked back. 31868_ Penetrated by Quantum Shear. 31868_ Zero-point Reactor destroyed. 31869_ Architect knocked back. 31871_ Cmb. Linear Gravjet destroyed. 31871_ Quantum Shear penetrates Wall. 31871_ Penetrated by Quantum Shear. 31871_ Penetrated by Slug. 31871_ Slug penetrates Earth. 31872_ Warped through subspace, drawn to slip node. 31872_ EXIT=FOUND 31873_ A0_RES: I have more important things to do than play hide-and-seek. Deal with this piece of junk if it returns. Map ----- +----------------------------------------------------+ | | | | | | | | | | | | | | | | | | | | | | | | | | | | | | | | | ?????????????????????????????????????????????????? | | ?????????????????????????????????????????????????? | | ?????????????????????????????????????????????????? | | ?????????????????????????????????????????????????? | | ?????????????????????????????????????????????????? | | ?????????????????????????????????????????????????? | | ????????????????????????###??????????????????????? | | ???????????????????????## ##?????????????????????? | | ???????????????????????# #?????????????????????? | | ???????????????????????# @ #?????????????????????? | | ??????????????????????## #?????????????????????? | | ??????????????????????# #?????????????????????? | | ??????????????????????# ##?????????????????????? | | ??????????????????????## #?????????????????????? | | ??????????????????????# #?????????????????????? | | ??????????????????????# ##?????????????????????? | | ??????????????????????# < #?????????????????????? | | ??????????????????????# ##?????????????????????? | | ??????????????????????## #??????????????????????? | | ???????????????????????####??????????????????????? | | ?????????????????????????????????????????????????? | | ?????????????????????????????????????????????????? | | ?????????????????????????????????????????????????? | | ?????????????????????????????????????????????????? | | ?????????????????????????????????????????????????? | | ?????????????????????????????????????????????????? | | ?????????????????????????????????????????????????? | | ?????????????????????????????????????????????????? | | ?????????????????????????????????????????????????? | | ?????????????????????????????????????????????????? | | ?????????????????????????????????????????????????? | | ?????????????????????????????????????????????????? | | ?????????????????????????????????????????????????? | | ?????????????????????????????????????????????????? | +----------------------------------------------------+ Best States ------------- Heat Dissipation 152 Energy Generation 95 Energy Capacity 2050 Matter Stores 300 Matter Capacity 700 Sight Range 24 Robot Scan Range 20 Terrain Scan Density 10 Jamming Range 16 Cloak Strength 9 Additional Mass Support 12 Armor Coverage 600 Resistance: EX 50 Core Shielding 90 Utility Shielding 66 Weapon Shielding 90 Projectile Deflection 15 Melee Speed Boost 50 Phase Shifting 15 Evasion (%) 85 Targeting Accuracy 30 Melee Accuracy 8 Core Analysis 15 Recoil Reduction 3 Kinecelleration 66 Offensive Hacking 52 Defensive Hacking 14 Trap Extractor Capacity 6 Item Schematics ----------------- Adv. Beam Cannon | -9/Materials | Scanalyzed Imp. Flight Unit | -9/Materials | Scanalyzed Imp. VTOL Module | -6/Factory | Scanalyzed Centrium Light Armor Plating | -6/Factory | Scanalyzed Coil Gun | -6/Zion | Archive Adv. Cooling System | -6/Zion | Archive Imp. System Restoration Module | -6/Zion | Archive Imp. Thermal Shield | -6/Zion | Archive Matter Compressor | -6/Zion | Archive Imp. Recalibrator | -6/Zion | Archive Adv. Signal Interpreter | -6/Zion | Archive Myomer Leg | -6/Zion | Archive Imp. Remote Force Field | -6/Zion | Archive Plasma Rifle | -6/Zion | Archive KE Penetrator | -6/Zion | Archive Hvy. Phase Cannon | -6/Zion | Archive Hvy. Flak Cannon | -6/Zion | Archive Wave Gun | -6/Zion | Archive Exp. Hacking Suite | -5/Factory | Scanalyzed Spectral Analyzer | -5/Factory | Scanalyzed Assault Drone Bay | -4/Zhirov | Free Exp. Heat Sink | -4/Zhirov | Free Exp. Optical Array | -4/Zhirov | Free Imp. Arc Thrower | -4/Zhirov | Free Imp. Q-thruster | -3/Research | Hacked Graphene Brace | -2/Protoforge | Scanalyzed Exp. Transmission Jammer | -2/Protoforge | Archive Exp. Myomer Leg | -2/Protoforge | Archive Exp. Reaction Control System | -2/Protoforge | Archive Exp. Signal Interpreter | -2/Protoforge | Archive Cld. Field Propulsion Drive | -2/Protoforge | Archive Exp. Gyrokinetic Inverter | -2/Protoforge | Archive Stealth Drone Bay | -2/Protoforge | Archive Hds. Centrium Heavy Treads | -2/Protoforge | Archive Electron Diverter | -2/Protoforge | Archive Adv. EM Disruption Field | -2/Protoforge | Archive Exp. Biometal Leg | -2/Protoforge | Archive Enh. Coil Gun | -2/Protoforge | Archive Prc. Energy Filter | -2/Protoforge | Archive Femtoactuators | -2/Protoforge | Scanalyzed Robot Schematics ------------------ Y-54 Guardian | -6/Zion | Archive A-02 Transporter | -6/Zion | Archive P-60 Hacker | -6/Zion | Archive C-57 Dissector | -6/Zion | Archive B-74 Champion | -2/Protoforge | Archive A-27 Freighter | -2/Protoforge | Archive Fabricated ------------ Lrn. Sensor Array | x2 | -6/Factory | Preloaded Spectral Analyzer | x1 | -3/Research Imp. Q-thruster | x1 | -2/Research Repaired ---------- Lgt. Treads | 8% | -10/Materials Centrium Light Armor Plating | 67% | -6/Factory Imp. VTOL Module | 28% | -5/Factory Mic. Fission Core | 36% | -4/Factory Centrium Light Armor Plating | 71% | -4/Factory Nuclear Pulse Array | 16% | -3/Research Cld. Nuclear Pulse Thruster | 34% | -2/Protoforge Centrium Light Armor Plating | 44% | -2/Protoforge Studied --------- Wheel | -9/Materials | Hacked Arm. Huge Wheel | -6/Factory | Hacked Com. Wheel | -6/Factory | Hacked Power Sword | -6/Factory | Hacked Mic. Fission Core | -5/Factory | Hacked Nuclear Pulse Array | -5/Factory | Hacked Mic. Antimatter Reactor | -3/Research | Hacked Impulse Thruster | -2/Research | Hacked Nova Cannon | -2/Protoforge | Hacked Xenon Bombardment Thruster | -2/Protoforge | Hacked Alien Tech Used ----------------- Integrated Reactor Sigix Broadsword Subatomic Replicator Dimensional Node Initializer Supercharged TR Transdimensional Reconstructor High-powered Transdimensional Reconstructor Achievements -------------- Frienemies I Have Friends Everywhere Challenges ------------ None Game ------ Seed DeuteriumAssaultFlail Manual? 0 Play Time 10:51:12 Cumulative 1121.7 hours Start 2026.03.03 @ 01:56:57 End 2026.03.05 @ 02:59:29 Sessions 7 Manual Loads 0 Difficulty Rogue Special Mode None Game No. 203 Rogue 203 Adventurer 0 Explorer 0 Win Type 1 Total 67 Types 25/8/10/1/3/1/10/4/3/2 Lore% 95 Gallery% 91 Achievement% 83 Wizard Run 0 Options --------- Layout 0 ASCII 0 Keyboard 0 Movement Numpad Keybinds 0 Fullscreen 1 Font 18/SmallcapsGlow Map View 76x50 Zoom Use 0% Tactical HUD 1 Map Filters NONE Filters NONE Steam 1 RUN: 879968f2-bb95-49a0-a663-f532d785df35